 Dungeon Crawl Stone Soup version 0.29.0-4-gdea44cf6ec (webtiles) character file.

Game seed: 14028142327745048018

390165 qw the Slayer (level 21, -18/144 (207) HPs)
             Began as a Minotaur Fighter on Sept 7, 2022.
             Was the Champion of Ru.
             Killed from afar by a shadow dragon (21 damage)
             ... with a bolt of negative energy
             ... on level 4 of the Depths.
             The game lasted 00:24:17 (48838 turns).

qw the Slayer (Minotaur Fighter)                   Turns: 48838, Time: 00:24:18

HP:   -18/144 (207) AC: 42    Str: 30      XL:     21   Next: 8%
MP:   20/20         EV: 18    Int:  4 (5)  God:    Ru [******]
Gold: 5122          SH: 22    Dex: 16      Spells: 20/20 levels left

rFire   + . .      SeeInvis .   A - +9 broad axe (flame)
rCold   + . .      Faith    .   k - +0 tower shield
rNeg    . . .      Spirit   .   w - +6 plate armour of Honour {rF+ Dex+2}
rPois   .          Reflect  .   g - +2 hat "Foangem" {Fly Regen+ Dex+2 Slay-2}
rElec   .          Harm     .   f - +2 cloak
rCorr   .          Rampage  .   i - +2 pair of gloves
Will    ++++.                   v - +2 pair of boots
Stlth   ..........              n - amulet "Oripif Tuca" {Drain rC+ Will+++ Regen+ Stlth+}
HPRegen 1.94/turn               s - +4 ring of protection
MPRegen 0.17/turn               j - +4 ring of evasion

@: exhausted, flying, very heavily drained
A: horns 2, inability to use devices, hated by all, unskilled 1, inexperienced
1, retaliatory headbutt
}: 2/15 runes: serpentine, barnacled
a: Renounce Religion, Draw Out Power, Power Leap, Apocalypse


You were on level 4 of the Depths.
You worshipped Ru.
Ru was exalted by your worship.
You visited 8 branches of the dungeon, and saw 39 of its levels.

You collected 6979 gold pieces.
You spent 1857 gold pieces at shops.


Innate Abilities, Weirdness & Mutations

You have a pair of horns on your head.
You cannot study or use magical devices.
You are hated by all.
You are somewhat unskilled. (-1 Apt)
You are somewhat inexperienced. (-1 XL)
You reflexively headbutt those who attack you in melee.


   Skills:
 - Level 22.0 Fighting
 - Level 19.0 Axes
 - Level 12.0 Throwing
 - Level 20.1 Armour
 + Level 12.5 Dodging
 - Level 21.3 Shields


You had 20 spell levels left.
You didn't know any spells.
Your spell library was empty.

Inventory:

Hand Weapons
 A - a +9 broad axe of flaming (weapon)
Missiles
 h - 2 silver boomerangs
 q - 2 javelins (quivered)
 r - 35 boomerangs
 x - 5 boomerangs of dispersal
Armour
 f - a +2 cloak (worn)
 g - the +2 hat "Foangem" (worn) {Fly Regen+ Dex+2 Slay-2}
   (You acquired it on level 2 of the Lair of Beasts)

   Dex:       It affects your dexterity (+2).
   Slay:      It affects your accuracy & damage with ranged weapons and melee
   (-2).
   Fly:       It grants you flight.
   Regen:     It increases your rate of health regeneration.
 i - a +2 pair of gloves (worn)
 k - a +0 tower shield (worn)
 t - a +10 plate armour of ponderousness
 v - a +2 pair of boots (worn)
 w - the +6 plate armour of Honour (worn) {rF+ Dex+2}
   (You found it on level 4 of the Vaults)

   Dex:       It affects your dexterity (+2).
   rF:        It protects you from fire.
 y - the +2 pair of boots of Inevitability {*Corrode Fly rF+}
   (You found it on level 1 of the Shoals)

   rF:        It protects you from fire.
   Fly:       It grants you flight.
   *Corrode:  It may corrode you when you take damage.
Jewellery
 j - a +4 ring of evasion (right hand)
 n - the amulet "Oripif Tuca" (around neck) {Drain rC+ Will+++ Regen+ Stlth+}
   (You took it off a vault sentinel on level 4 of the Vaults)

   [amulet of regeneration]

   rC:        It protects you from cold.
   Regen:     It increases your rate of health regeneration.
   Drain:     It drains your maximum health when unequipped.
   Will:      It greatly increases your willpower.
   Stlth:     It makes you more stealthy.
 p - an amulet of reflection
 s - a +4 ring of protection (left hand)
Scrolls
 a - 4 scrolls of identify
 z - 5 scrolls of enchant armour
Potions
 c - 5 potions of haste
 d - 12 potions of might
 e - 6 potions of mutation
 m - a potion of cancellation
 o - 9 potions of curing

Dungeon Overview and Level Annotations

Branches:
Dungeon (15/15)            Temple (1/1) D:4            Lair (5/5) D:9
 Shoals (4/4) Lair:2        Snake (4/4) Lair:2        Slime (0/5) Lair:4
    Orc (2/2) D:11            Elf (0/3) Orc:2        Vaults (4/5) D:13
  Crypt (0/3) Vaults:3     Depths (4/4) D:15            Zot (0/5) Depths:4

Altars:
Ashenzari
Cheibriados
Dithmenos
Elyvilon
Gozag
Kikubaaqudgha
Makhleb
Nemelex Xobeh
Qazlal
Ru
Sif Muna
Trog
Uskayaw
Vehumet
Wu Jian
Xom
Zin

Shops:
D:1 (   D:4 [*   D:7 ?   D:14 !   Orc:2 ![(:   Snake:4 =::(   Vaults:3 (*
Depths:1 *   Depths:4 *

Portals:
Hell: Depths:1 Depths:2 Depths:3
Abyss: Depths:3
Pandemonium: Depths:2
Ziggurat: Depths:3

Annotations:
Lair:5 3 runed translucent doors, qw's ghost, journeyman TrCA
Shoals:1 1 runed translucent door
Depths:3 3 runed translucent doors


Message History

The phantasmal warrior begins to attack, but is stunned by your conviction!
The black draconian is stunned by your conviction and fails to attack.
The fire dragon barely misses you. You furiously retaliate!
You headbutt the fire dragon. The fire dragon closely misses you.
You block the fire dragon's attack.
You slash the black draconian! You burn the black draconian.
The black draconian is almost dead.
You hit the shadow dragon but do no damage.
You miss the spectral caustic shrike. You slash the deep troll!
You burn the deep troll. You hit the fire dragon.
The spectral caustic shrike is stunned by your conviction and fails to attack.
You carve the black draconian like a ham!!!
You burn the black draconian.
You kill the black draconian!
You hit the shadow dragon but do no damage.
You slash the spectral caustic shrike! You burn the spectral caustic shrike.
You completely miss the deep troll. You hit the fire dragon.
The spectral caustic shrike completely misses you.
You furiously retaliate!
You headbutt the spectral caustic shrike.
The shadow dragon bites you!
You feel drained. You block the shadow dragon's attack.
The shadow dragon claws you but does no damage.
The fire dragon bites you but does no damage.
You block the fire dragon's attack.
The fire dragon tramples you but does no damage.
You block the deep troll's attack.
The deep troll claws you but does no damage.
The deep troll misses you. The spectral caustic shrike misses you.
You furiously retaliate!
You headbutt the spectral caustic shrike!
You barely miss the deep troll. You headbutt the deep troll!
The deep troll is severely wounded.
You closely miss the shadow dragon. You hit the spectral caustic shrike.
You burn the spectral caustic shrike. You slash the fire dragon!
You slice the deep troll!! You burn the deep troll.
The spectral caustic shrike misses you.
The shadow dragon breathes negative energy at you.
The bolt of negative energy hits you!!
You feel drained.
You die...

~~~~. ~~~.. # ..... ..?..# .# #
..... ....W. .# ## ....#
......### #.## ##.
....####.........##.##. #..
...............Z....#.# #..
...............T@...#.# # #..
....i..........DTD###)##...##.###
....Y...........T.))..)Dd\.'...D.
.............T...)###.##...##.###
....................#.# #
..................(.#.#
..........T.#.......##.
###.....D.(..........##
#.....................


You could see a shadow dragon (catching breath), a fire dragon, an iron troll, 3
deep trolls, a phantasmal warrior, a deep troll earth mage and a spectral
caustic shrike.

Vanquished Creatures
  An ancient lich (Vaults:4)
  2 juggernauts (Depths:3)
  Bai Suzhen (Vaults:4)
  7 caustic shrikes
  2 golden dragons (Depths:3)
  Vashnia (Snake:4)
  Margery (Vaults:2)
  Rupert (Lair:4)
  Mlioglotl (Snake:2)
  6 tentacled monstrosities
  5 liches
  8 titans
  2 walking frostbound tomes
  3 krakens (Shoals:1)
  7 sphinxes
  A quicksilver dragon (Depths:2)
  3 tengu reavers
  Kirke (Shoals:2)
  Polyphemus (Shoals:3)
  2 shadow dragons (Depths:3)
  4 nagarajas
  6 storm dragons
  9 fire giants
  9 vault wardens
  A balrug (Depths:2)
  12 frost giants
  3 orc warlords
  2 spectral caustic shrikes (Depths:4)
  4 iron dragons (Depths:3)
  A reaper (Depths:2)
  3 spriggan defenders (Depths:3)
  17 stone giants
  13 ironbound preservers
  A green draconian (Depths:4)
  7 ironbound thunderhulks
  2 deep elf demonologists (Depths:1)
  18 very ugly things
  5 vampire knights
  A red draconian (Depths:4)
  2 entropy weavers
  2 black draconians (Depths:4)
  A white draconian (Depths:4)
  13 ettins
  An eidolon (Vaults:3)
  6 spark wasps
  A crystal guardian (Vaults:3)
  11 fire dragons
  6 merfolk javelineers
  Snorg (Lair:4)
  A deep elf death mage (Vaults:4)
  A deep elf high priest (Depths:4)
  2 great orbs of eyes (Vaults:2)
  A peacekeeper (Vaults:3)
  11 merfolk impalers
  2 salamander tyrants
  6 ice dragons
  3 rakshasas (Depths:3)
  21 vault guards
  2 catoblepae
  6 yaktaur captains
  4 boulder beetles
  10 hydras
  3 ogre magi
  4 spriggan air magi
  4 ironbound frosthearts
  4 merfolk aquamancers
  9 two-headed ogres
  7 centaur warriors
  10 anacondas
  A dancing weapon (D:13)
  A merfolk avatar (Shoals:1)
  11 naga warriors
  2 alligator snapping turtles
  2 death yaks (Shoals:3)
  6 deep troll earth magi
  3 orc high priests
  8 tengu warriors
  4 deep troll shamans (Depths:3)
  A satyr (Shoals:3)
  3 vampire magi
  9 hell knights
  7 shock serpents
  Urug (D:11)
  7 naga sharpshooters
  5 spriggan berserkers
  Sonja (Lair:5)
  3 iron trolls (Depths:2)
  2 salamander mystics (Snake:4)
  3 glowing orange brains
  9 sea snakes
  Lodul (D:11)
  2 shadow demons (Depths:1)
  5 naga ritualists
  A steelbarb worm (shapeshifter) (Vaults:4)
  10 lindwurms
  A phantasmal warrior (Vaults:3)
  2 flayed ghosts
  14 ironbound convokers
  34 deep trolls
  2 harpies (shapeshifter)
  4 necromancers
  4 wizards
  29 harpies
  12 mana vipers
  2 deep elf pyromancers
  A wolf spider (D:15)
  8 fauns
  7 orc sorcerers
  14 orc knights
  12 manticores
  5 cyclopes
  27 ugly things
  17 salamanders
  7 elephants
  31 black mambas
  15 merfolk sirens
  2 molten gargoyles (Lair:5)
  3 guardian serpents
  11 naga magi
  8 vault sentinels
  Joseph (D:8)
  11 water nymphs
  6 gargoyles
  2 kobold demonologists (Depths:1)
  10 cane toads
  12 komodo dragons
  2 rime drakes (Lair:2)
  11 yaktaurs
  2 tengu conjurers
  A queen bee (D:9)
  6 meliai
  6 wind drakes
  A polar bear (Lair:5)
  33 merfolk
  Prince Ribbit (D:7)
  7 trolls
  23 slime creatures
  2 snapping turtles (Shoals:3)
  A raiju (shapeshifter) (Depths:3)
  14 blink frogs
  9 dream sheep
  Sigmund (D:2)
  A centaur simulacrum (D:14)
  A wraith (D:13)
  3 air elementals (Shoals:4)
  2 spriggans (shapeshifter)
  A shadow (D:10)
  3 hogs (Shoals:3)
  9 wyverns
  27 water elementals
  A vampire (D:14)
  A basilisk (shapeshifter) (D:14)
  4 humans (Shoals:3)
  53 yaks
  2 steam dragons (Lair:5)
  5 basilisks
  2 redbacks (Vaults:1)
  5 vampire mosquitoes (D:14)
  26 nagas
  4 wargs
  3 hell hounds (Lair:5)
  14 water moccasins
  A floating eye (Vaults:4)
  2 black bears
  29 orc warriors
  6 ice beasts
  2 sky beasts (D:7)
  24 ogres
  5 boggarts
  3 wolves (Lair:5)
  9 centaurs
  2 phantoms
  13 bullfrogs
  A necrophage (D:7)
  2 scorpions
  2 gnoll sergeants
  15 wights
  A hornet simulacrum (D:15)
  41 killer bees
  7 electric eels
  A howler monkey (D:8)
  4 lava snakes (Lair:5)
  A jelly (Lair:4)
  23 orc priests
  A hound (shapeshifter) (Depths:3)
  5 hounds
  Natasha (thrice) (D:2)
  2 gnoll boudas
  9 iguanas
  20 orc wizards
  4 adders
  14 gnolls
  A shadow imp (D:6)
  2 white imps (D:7)
  2 worms (D:2)
  A dart slug (D:1)
  87 orcs
  5 bats
  8 endoplasms
  4 giant cockroaches
  8 hobgoblins
  A quokka (D:5)
  13 ball pythons
  2 frilled lizards (D:1)
  11 goblins
  8 kobolds
  4 rats
  6 tentacles (Shoals:1)
1453 creatures vanquished.

Vanquished Creatures (others)
  A kraken (Shoals:1)
  A draconian scorcher (Depths:4)
  An ironbound preserver (Vaults:3)
  A spriggan defender (Depths:2)
  A vampire knight (Depths:1)
  4 stone giants
  A red draconian (Depths:4)
  A merfolk impaler (Shoals:4)
  A great orb of eyes (Vaults:3)
  A two-headed ogre (D:15)
  A naga warrior (Snake:3)
  A dancing weapon (D:13)
  A merfolk aquamancer (Shoals:4)
  A deep troll earth mage (Depths:3)
  2 naga sharpshooters (Snake:4)
  A deep troll (Vaults:4)
  A flayed ghost (Vaults:4)
  A lindwurm (Vaults:3)
  An ironbound convoker (Vaults:3)
  A mana viper (Snake:1)
  An elephant (Lair:4)
  A black mamba (Snake:3)
  2 cane toads
  3 yaks
  A redback (Vaults:1)
  A vampire mosquito (D:14)
  A boggart (Depths:1)
  A centaur (D:12)
  A howler monkey (D:13)
  A lava snake (Lair:5)
  2 orc priests (Orc:1)
  2 orc wizards (D:11)
  7 orcs
  A quokka (shapeshifter) (Depths:2)
  49 fungi
  167 plants
  10 tentacles (Shoals:1)
275 creatures vanquished.

Grand Total: 1728 creatures vanquished

Notes
Turn   | Place    | Note
-------+----------+-------------------------------------------
     0 | D:1      | qw the Minotaur Fighter began the quest for the Orb.
     0 | D:1      | Reached XP level 1. HP: 19/19 MP: 0/0
     0 | D:1      | 0 ||| qw: Version: 0.1-a-108-g9e35731
     0 | D:1      | 0 ||| qw: Game counter: 6437
     0 | D:1      | 0 ||| qw: Always use a shield: true
     0 | D:1      | 0 ||| qw: God list: Ru
     0 | D:1      | 0 ||| qw: Allow faded altars: false
     0 | D:1      | 0 ||| qw: Do Orc after D:15 true
     0 | D:1      | 0 ||| qw: Do second Lair branch before Depths: true
     0 | D:1      | 0 ||| qw: Lair rune preference: random
     0 | D:1      | 0 ||| qw: Plans: Normal
     0 | D:1      | 0 ||| PLANNING D:1-11
    76 | D:1      | 76 ||| Stepping ~*~*~tactically~*~*~ (stealth).
    79 | D:1      | Reached skill level 3 in Axes
    84 | D:1      | Reached XP level 2. HP: 26/26 MP: 1/1
   107 | D:1      | Found Qudeulup's Weapon Shoppe.
   110 | D:1      | 110 ||| SHOPLISTING +0 whip (27 gold, have 0).
   259 | D:1      | 259 ||| Stepping ~*~*~tactically~*~*~ (stealth).
   260 | D:1      | 260 ||| Stepping ~*~*~tactically~*~*~ (stealth).
   291 | D:1      | 291 ||| Stepping ~*~*~tactically~*~*~ (stealth).
   311 | D:1      | 311 ||| Stepping ~*~*~tactically~*~*~ (stealth).
   312 | D:1      | 312 ||| Stepping ~*~*~tactically~*~*~ (stealth).
   379 | D:1      | 379 ||| DROPPING +0 club.
   439 | D:1      | 439 ||| Stepping ~*~*~tactically~*~*~ (hiding).
   549 | D:1      | Found a faded altar of an unknown god.
   665 | D:1      | Reached XP level 3. HP: 31/31 MP: 2/2
   887 | D:1      | 887 ||| UPGRADING to +1 pair of gloves.
   892 | D:1      | 892 ||| READING 5 scrolls labelled YLOTUM AMIENI.
   893 | D:1      | 893 ||| READING scroll labelled PEHOHY KIKLEHYRAB.
   894 | D:1      | 894 ||| READING scroll labelled YTZUEZ OVILI.
   895 | D:1      | 895 ||| READING 4 scrolls of identify.
   895 | D:1      | 895 ||| IDENTIFYING glowing yellow potion
   896 | D:1      | 896 ||| DROPPING potion of ambrosia.
   945 | D:2      | Noticed Natasha
   946 | D:2      | 946 ||| Stepping ~*~*~tactically~*~*~ (hiding).
   947 | D:2      | 947 ||| Stepping ~*~*~tactically~*~*~ (hiding).
   954 | D:2      | Killed Natasha
  1074 | D:2      | 1074 ||| Stepping ~*~*~tactically~*~*~ (stealth).
  1077 | D:2      | 1077 ||| Stepping ~*~*~tactically~*~*~ (stealth).
  1093 | D:2      | 1093 ||| Stepping ~*~*~tactically~*~*~ (stealth).
  1098 | D:2      | Reached XP level 4. HP: 39/39 MP: 3/3
  1098 | D:2      | 1098 ||| Stepping ~*~*~tactically~*~*~ (stealth).
  1101 | D:2      | Reached skill level 1 in Dodging
  1134 | D:2      | Noticed Natasha
  1135 | D:2      | 1135 ||| Stepping ~*~*~tactically~*~*~ (hiding).
  1144 | D:2      | Killed Natasha
  1203 | D:2      | Noticed Sigmund
  1209 | D:2      | Killed Sigmund
  1210 | D:2      | Reached XP level 5. HP: 45/45 MP: 4/4
  1587 | D:2      | Noticed Natasha
  1602 | D:2      | Killed Natasha
  1603 | D:2      | Reached skill level 4 in Fighting
  1603 | D:2      | Reached XP level 6. HP: 17/52 MP: 5/5
  2120 | D:2      | 2120 ||| UPGRADING to +0 chain mail.
  2130 | D:2      | 2130 ||| DROPPING +0 scale mail.
  2131 | D:2      | 2131 ||| UPGRADING to +4 ring of evasion.
  2132 | D:2      | 2132 ||| READING 3 scrolls of identify.
  2132 | D:2      | 2132 ||| IDENTIFYING purple potion
  2133 | D:2      | 2133 ||| READING 2 scrolls of identify.
  2133 | D:2      | 2133 ||| IDENTIFYING glowing golden potion
  2134 | D:2      | 2134 ||| DROPPING potion of lignification.
  2135 | D:2      | 2135 ||| DROPPING potion of attraction.
  3193 | D:3      | 3193 ||| UPGRADING to ring of resist corrosion.
  3194 | D:3      | 3194 ||| READING 2 scrolls labelled HEDUPI URITUMN.
  3195 | D:3      | 3195 ||| READING 4 scrolls of identify.
  3195 | D:3      | 3195 ||| IDENTIFYING coppery potion
  3196 | D:3      | 3196 ||| READING 3 scrolls of identify.
  3196 | D:3      | 3196 ||| IDENTIFYING golden potion
  3197 | D:3      | 3197 ||| READING 2 scrolls of identify.
  3197 | D:3      | 3197 ||| IDENTIFYING fuming purple potion
  3198 | D:3      | 3198 ||| DROPPING scroll of magic mapping.
  3199 | D:3      | 3199 ||| DROPPING potion of flight.
  3200 | D:3      | 3200 ||| DROPPING potion of degeneration.
  3297 | D:4      | 3297 ||| DROPPING +0 whip.
  3349 | D:4      | Found Vebreif's Armour Shoppe.
  3361 | D:4      | 3361 ||| BUYING +0 pair of boots of rampaging (149 gold).
  3361 | D:4      | Bought a +0 pair of boots of rampaging for 149 gold pieces
  3402 | D:4      | Found a shadowy altar of Dithmenos.
  3500 | D:4      | 3500 ||| Stepping ~*~*~tactically~*~*~ (stealth).
  3501 | D:4      | 3501 ||| Stepping ~*~*~tactically~*~*~ (stealth).
  3603 | D:4      | Reached skill level 9 in Axes
  3603 | D:4      | Reached XP level 7. HP: 54/59 MP: 6/6
  3884 | D:4      | Found a staircase to the Ecumenical Temple.
  3885 | D:4      | 3885 ||| PLANNING TEMPLE
  3885 | D:4      | 3885 ||| UPGRADING to +0 pair of boots of rampaging.
  3890 | D:4      | 3890 ||| UPGRADING to +6 ring of dexterity.
  3892 | D:4      | 3892 ||| DROPPING ring of resist corrosion.
  3893 | D:4      | 3893 ||| DRINKING 2 fuming orange potions.
  3894 | D:4      | 3894 ||| DROPPING potion of invisibility.
  3904 | Temple   | Entered the Ecumenical Temple
  3972 | Temple   | Became a worshipper of Ru the Awakened
  3982 | Temple   | 3982 ||| PLANNING D:1-11
  4135 | D:4      | Found an opulent altar of Gozag.
  4139 | D:4      | Found Gozag's Platinum Reserve.
  4147 | D:4      | 4147 ||| SHOPLISTING +1 cloak of Shielding {rF+ rC+} (3050
                  | gold, have 64).
  4220 | D:5      | Entered Level 5 of the Dungeon
  4438 | D:5      | Reached skill level 5 in Fighting
  4503 | D:5      | 4503 ||| FLEEEEING.
  4504 | D:5      | 4504 ||| FLEEEEING.
  4505 | D:5      | 4505 ||| FLEEEEING.
  4506 | D:5      | 4506 ||| FLEEEEING.
  4507 | D:5      | 4507 ||| FLEEEEING.
  4528 | D:5      | 4528 ||| FLEEEEING.
  4611 | D:5      | Identified the +7 dagger of Anguish {antimagic, rF+ Dex+5}
  4650 | D:5      | Reached XP level 8. HP: 69/69 MP: 7/7
  4673 | D:5      | Found a blossoming altar of Fedhas.
  4806 | D:5      | Reached skill level 6 in Fighting
  4840 | D:5      | Found a broken altar of Ashenzari.
  4947 | D:5      | 4947 ||| UPGRADING to amulet of reflection.
  4952 | D:5      | 4952 ||| READING 2 scrolls labelled UNIURR MAIBB.
  4953 | D:5      | 4953 ||| READING scroll labelled KUASTO GALA.
  4954 | D:5      | 4954 ||| READING scroll labelled VIKEEP MOACK.
  4955 | D:5      | 4955 ||| READING scroll labelled EXZINE PEASYGU.
  4956 | D:5      | 4956 ||| DROPPING scroll of blinking.
  4964 | D:6      | 4964 ||| PLANNING SEWER
  5066 | D:6      | Reached skill level 3 in Dodging
  5117 | D:6      | 5117 ||| INVOKING Sacrifice Experience.
  5117 | D:6      | Gained mutation: You are somewhat inexperienced. (-1 XL)
                  | [Ru sacrifice]
  5117 | D:6      | Reached XP level 7. HP: 63/63 MP: 6/6
  5117 | D:6      | Reached * piety under Ru
  5323 | D:6      | Reached skill level 12 in Axes
  5373 | D:6      | Reached XP level 8. HP: 71/71 MP: 7/7
  5511 | D:6      | Found a glowing drain.
  5512 | D:6      | 5512 ||| READING scroll labelled LAONEZX RELYD.
  5513 | D:6      | 5513 ||| READING 3 scrolls labelled BYMNITEOM.
  5514 | D:6      | 5514 ||| READING 3 scrolls labelled YMIL IPOUK CEL.
  5673 | D:6      | 5673 ||| READING scroll labelled FOGEINUPTEDD.
  5774 | D:6      | 5774 ||| READING 2 scrolls of identify.
  5774 | D:6      | 5774 ||| IDENTIFYING bubbling brown potion
  5775 | D:6      | 5775 ||| DROPPING 2 scrolls of fear.
  5776 | D:6      | 5776 ||| DROPPING 2 scrolls of torment.
  5792 | D:6      | 5792 ||| RIP SEWER
  5792 | D:6      | 5792 ||| PLANNING D:1-11
  5839 | D:6      | Reached skill level 1 in Throwing
  5882 | D:6      | 5882 ||| READING scroll labelled MOEKUO NUTROWU.
  5907 | D:7      | 5907 ||| Stepping ~*~*~tactically~*~*~ (hiding).
  5909 | D:7      | Noticed Prince Ribbit
  5921 | D:7      | HP: 12/66 [wight/+1 halberd (6)]
  5922 | D:7      | 5922 ||| DRINKING potion of heal wounds.
  5928 | D:7      | HP: 15/63 [wight/+0 spear (2)]
  5929 | D:7      | Reached skill level 7 in Fighting
  5933 | D:7      | Killed Prince Ribbit
  6396 | D:7      | 6396 ||| DROPPING +0 flail.
  6397 | D:7      | 6397 ||| DROPPING +1 vorpal flail.
  6703 | D:7      | 6703 ||| Stepping ~*~*~tactically~*~*~ (hiding).
  6841 | D:7      | 6841 ||| DROPPING +2 flail of holy wrath.
  6860 | D:7      | Reached skill level 8 in Fighting
  7060 | D:7      | Found Mecel's Magic Scroll Emporium.
  7069 | D:7      | 7069 ||| SHOPLISTING scroll of enchant armour (112 gold,
                  | have 109).
  7069 | D:7      | 7069 ||| BUYING scroll of identify (30 gold).
  7069 | D:7      | Bought a scroll of identify for 30 gold pieces
  7069 | D:7      | 7069 ||| BUYING scroll of identify (30 gold).
  7069 | D:7      | Bought a scroll of identify for 30 gold pieces
  7069 | D:7      | 7069 ||| BUYING scroll of teleportation (45 gold).
  7069 | D:7      | Bought a scroll of teleportation for 45 gold pieces
  7069 | D:7      | 7069 ||| SHOPLISTING scroll of teleportation (45 gold, have
                  | 4).
  7426 | D:7      | 7426 ||| Stepping ~*~*~tactically~*~*~ (hiding).
  7481 | D:7      | Reached XP level 9. HP: 81/81 MP: 8/8
  7690 | D:7      | 7690 ||| UPGRADING to +0 plate armour.
  7700 | D:7      | 7700 ||| DROPPING +0 chain mail.
  7701 | D:7      | 7701 ||| DROPPING ring of positive energy.
  7702 | D:7      | 7702 ||| READING scroll labelled RAGIPR KEUR.
  7703 | D:7      | 7703 ||| READING 4 scrolls of identify.
  7703 | D:7      | 7703 ||| IDENTIFYING glowing cyan potion
  7704 | D:7      | 7704 ||| READING 3 scrolls of identify.
  7704 | D:7      | 7704 ||| IDENTIFYING dark potion
  7705 | D:7      | 7705 ||| READING 2 scrolls of identify.
  7705 | D:7      | 7705 ||| IDENTIFYING yellow potion
  7706 | D:7      | 7706 ||| DROPPING potion of magic.
  7707 | D:7      | 7707 ||| DROPPING potion of brilliance.
  7783 | D:8      | 7783 ||| Stepping ~*~*~tactically~*~*~ (stealth).
  7785 | D:8      | 7785 ||| Stepping ~*~*~tactically~*~*~ (stealth).
  7796 | D:8      | Reached skill level 6 in Armour
  7810 | D:8      | 7810 ||| FLEEEEING.
  7811 | D:8      | 7811 ||| FLEEEEING.
  7812 | D:8      | 7812 ||| FLEEEEING.
  7813 | D:8      | 7813 ||| STAIRDANCE
  7923 | D:8      | Noticed Joseph
  7936 | D:8      | Killed Joseph
  8172 | D:8      | 8172 ||| Stepping ~*~*~tactically~*~*~ (stealth).
  8183 | D:8      | Reached skill level 15 in Axes
  8576 | D:9      | Reached skill level 9 in Fighting
  8686 | D:9      | 8686 ||| Stepping ~*~*~tactically~*~*~ (stealth).
  8687 | D:9      | 8687 ||| Stepping ~*~*~tactically~*~*~ (stealth).
  8693 | D:9      | 8693 ||| Stepping ~*~*~tactically~*~*~ (stealth).
  8698 | D:9      | 8698 ||| Stepping ~*~*~tactically~*~*~ (stealth).
  8821 | D:9      | 8821 ||| Stepping ~*~*~tactically~*~*~ (stealth).
  8843 | D:9      | Reached XP level 10. HP: 91/91 MP: 9/9
  8867 | D:9      | 8867 ||| INVOKING Sacrifice Skill.
  8867 | D:9      | Gained mutation: You are somewhat unskilled. (-1 Apt) [Ru
                  | sacrifice]
  8867 | D:9      | Reduced skill Fighting to level 8
  8867 | D:9      | Reached ** piety under Ru
  8912 | D:9      | Found a staircase to the Lair.
  8928 | D:9      | 8928 ||| Stepping ~*~*~tactically~*~*~ (stealth).
  8936 | D:9      | 8936 ||| Stepping ~*~*~tactically~*~*~ (stealth).
  8937 | D:9      | 8937 ||| Stepping ~*~*~tactically~*~*~ (stealth).
  8952 | D:9      | 8952 ||| Stepping ~*~*~tactically~*~*~ (hiding).
  9090 | D:9      | 9090 ||| Stepping ~*~*~tactically~*~*~ (stealth).
  9244 | D:9      | 9244 ||| Stepping ~*~*~tactically~*~*~ (hiding).
  9623 | D:9      | 9623 ||| Stepping ~*~*~tactically~*~*~ (stealth).
  9625 | D:9      | Reached skill level 15 in Axes
  9632 | D:9      | 9632 ||| Stepping ~*~*~tactically~*~*~ (stealth).
  9639 | D:9      | 9639 ||| Stepping ~*~*~tactically~*~*~ (stealth).
  9652 | D:9      | 9652 ||| Stepping ~*~*~tactically~*~*~ (stealth).
  9666 | D:9      | 9666 ||| Stepping ~*~*~tactically~*~*~ (stealth).
  9752 | D:9      | 9752 ||| Stepping ~*~*~tactically~*~*~ (stealth).
  9765 | D:9      | Reached skill level 9 in Fighting
 10353 | D:10     | Entered Level 10 of the Dungeon
 10509 | D:10     | 10509 ||| Stepping ~*~*~tactically~*~*~ (hiding).
 10512 | D:10     | 10512 ||| Stepping ~*~*~tactically~*~*~ (hiding).
 10587 | D:10     | Noticed a two-headed ogre
 10587 | D:10     | Noticed a catoblepas
 10588 | D:10     | 10588 ||| Stepping ~*~*~tactically~*~*~ (hiding).
 10594 | D:10     | Killed a two-headed ogre
 10600 | D:10     | 10600 ||| Stepping ~*~*~tactically~*~*~ (cloud).
 10604 | D:10     | 10604 ||| Stepping ~*~*~tactically~*~*~ (cloud).
 10606 | D:10     | Killed a catoblepas
 10921 | D:10     | Found an ancient bone altar of Kikubaaqudgha.
 10936 | D:10     | 10936 ||| READING scroll of brand weapon.
 10936 | D:10     | 10936 ||| BRANDING +1 war axe of electrocution.
 11007 | D:10     | 11007 ||| READING scroll of teleportation.
 11082 | D:10     | 11082 ||| READING scroll of enchant weapon.
 11082 | D:10     | 11082 ||| ENCHANTING +1 war axe of protection.
 11436 | D:10     | 11436 ||| UPGRADING to ring of poison resistance.
 11438 | D:10     | 11438 ||| UPGRADING to +4 ring of evasion.
 11498 | D:11     | 11498 ||| FLEEEEING.
 11498 | D:11     | Noticed a purple ugly thing
 11499 | D:11     | 11499 ||| FLEEEEING.
 11500 | D:11     | 11500 ||| FLEEEEING.
 11501 | D:11     | 11501 ||| FLEEEEING.
 11502 | D:11     | 11502 ||| FLEEEEING.
 11503 | D:11     | 11503 ||| FLEEEEING.
 11504 | D:11     | 11504 ||| FLEEEEING.
 11504 | D:11     | HP: 10/91 [electric eel/bolt of electricity (16)]
 11505 | D:11     | 11505 ||| STAIRDANCE
 11827 | D:10     | 11827 ||| INVOKING Sacrifice Love.
 11827 | D:10     | Gained mutation: You are hated by all. [Ru sacrifice]
 11827 | D:10     | Reached *** piety under Ru
 11827 | D:10     | Reached **** piety under Ru
 11830 | D:11     | 11830 ||| STAIRDANCE
 11872 | D:11     | 11872 ||| STAIRDANCE
 11878 | D:10     | Killed a purple ugly thing
 12196 | D:11     | 12196 ||| FLEEEEING.
 12197 | D:11     | 12197 ||| FLEEEEING.
 12270 | D:11     | 12270 ||| FLEEEEING.
 12271 | D:11     | 12271 ||| FLEEEEING.
 12273 | D:11     | 12273 ||| FLEEEEING.
 12274 | D:11     | 12274 ||| FLEEEEING.
 12275 | D:11     | 12275 ||| FLEEEEING.
 12295 | D:11     | 12295 ||| FLEEEEING.
 12296 | D:11     | 12296 ||| FLEEEEING.
 12297 | D:11     | 12297 ||| FLEEEEING.
 12298 | D:11     | 12298 ||| FLEEEEING.
 12380 | D:11     | 12380 ||| Stepping ~*~*~tactically~*~*~ (stealth).
 12393 | D:11     | 12393 ||| FLEEEEING.
 12394 | D:11     | 12394 ||| FLEEEEING.
 12395 | D:11     | 12395 ||| FLEEEEING.
 12396 | D:11     | 12396 ||| FLEEEEING.
 12497 | D:11     | 12497 ||| FLEEEEING.
 12499 | D:11     | 12499 ||| FLEEEEING.
 12500 | D:11     | 12500 ||| FLEEEEING.
 12501 | D:11     | 12501 ||| FLEEEEING.
 12502 | D:11     | 12502 ||| FLEEEEING.
 12503 | D:11     | 12503 ||| FLEEEEING.
 12504 | D:11     | 12504 ||| FLEEEEING.
 12505 | D:11     | 12505 ||| FLEEEEING.
 12506 | D:11     | 12506 ||| FLEEEEING.
 12507 | D:11     | 12507 ||| FLEEEEING.
 12508 | D:11     | 12508 ||| FLEEEEING.
 12509 | D:11     | 12509 ||| STAIRDANCE
 12660 | D:11     | Reached skill level 6 in Shields
 12660 | D:11     | 12660 ||| FLEEEEING.
 12665 | D:11     | 12665 ||| STAIRDANCE
 12745 | D:11     | 12745 ||| Stepping ~*~*~tactically~*~*~ (stealth).
 12747 | D:11     | 12747 ||| Stepping ~*~*~tactically~*~*~ (stealth).
 12749 | D:11     | 12749 ||| Stepping ~*~*~tactically~*~*~ (stealth).
 12804 | D:11     | Noticed a two-headed ogre
 12817 | D:11     | Killed a two-headed ogre
 12818 | D:11     | Reached skill level 9 in Armour
 13038 | D:11     | 13038 ||| FLEEEEING.
 13039 | D:11     | 13039 ||| FLEEEEING.
 13040 | D:11     | 13040 ||| FLEEEEING.
 13041 | D:11     | 13041 ||| FLEEEEING.
 13042 | D:11     | 13042 ||| FLEEEEING.
 13043 | D:11     | 13043 ||| FLEEEEING.
 13044 | D:11     | 13044 ||| FLEEEEING.
 13045 | D:11     | 13045 ||| FLEEEEING.
 13046 | D:11     | 13046 ||| FLEEEEING.
 13047 | D:11     | 13047 ||| FLEEEEING.
 13048 | D:11     | 13048 ||| FLEEEEING.
 13049 | D:11     | 13049 ||| FLEEEEING.
 13050 | D:11     | 13050 ||| FLEEEEING.
 13051 | D:11     | 13051 ||| STAIRDANCE
 13152 | D:11     | 13152 ||| STAIRDANCE
 13184 | D:11     | 13184 ||| FLEEEEING.
 13191 | D:11     | 13191 ||| STAIRDANCE
 13246 | D:11     | 13246 ||| FLEEEEING.
 13253 | D:11     | 13253 ||| STAIRDANCE
 13316 | D:11     | 13316 ||| FLEEEEING.
 13317 | D:11     | 13317 ||| FLEEEEING.
 13318 | D:11     | 13318 ||| FLEEEEING.
 13319 | D:11     | 13319 ||| FLEEEEING.
 13320 | D:11     | 13320 ||| FLEEEEING.
 13321 | D:11     | 13321 ||| FLEEEEING.
 13322 | D:11     | 13322 ||| FLEEEEING.
 13323 | D:11     | 13323 ||| FLEEEEING.
 13324 | D:11     | 13324 ||| FLEEEEING.
 13331 | D:11     | 13331 ||| STAIRDANCE
 13583 | D:11     | Noticed Urug
 13590 | D:11     | 13590 ||| FLEEEEING.
 13591 | D:11     | 13591 ||| FLEEEEING.
 13592 | D:11     | 13592 ||| FLEEEEING.
 13593 | D:11     | 13593 ||| FLEEEEING.
 13596 | D:11     | 13596 ||| FLEEEEING.
 13597 | D:11     | 13597 ||| FLEEEEING.
 13598 | D:11     | 13598 ||| FLEEEEING.
 13599 | D:11     | 13599 ||| FLEEEEING.
 13600 | D:11     | 13600 ||| FLEEEEING.
 13601 | D:11     | 13601 ||| FLEEEEING.
 13602 | D:11     | 13602 ||| FLEEEEING.
 13603 | D:11     | 13603 ||| FLEEEEING.
 13607 | D:11     | 13607 ||| FLEEEEING.
 13608 | D:11     | 13608 ||| FLEEEEING.
 13612 | D:11     | 13612 ||| FLEEEEING.
 13613 | D:11     | 13613 ||| FLEEEEING.
 13614 | D:11     | 13614 ||| FLEEEEING.
 13615 | D:11     | 13615 ||| FLEEEEING.
 13616 | D:11     | 13616 ||| FLEEEEING.
 13617 | D:11     | 13617 ||| FLEEEEING.
 13618 | D:11     | 13618 ||| FLEEEEING.
 13619 | D:11     | 13619 ||| FLEEEEING.
 13620 | D:11     | 13620 ||| FLEEEEING.
 13621 | D:11     | 13621 ||| FLEEEEING.
 13622 | D:11     | 13622 ||| FLEEEEING.
 13623 | D:11     | 13623 ||| FLEEEEING.
 13624 | D:11     | 13624 ||| FLEEEEING.
 13625 | D:11     | 13625 ||| FLEEEEING.
 13626 | D:11     | 13626 ||| FLEEEEING.
 13627 | D:11     | 13627 ||| FLEEEEING.
 13628 | D:11     | 13628 ||| FLEEEEING.
 13629 | D:11     | 13629 ||| FLEEEEING.
 13630 | D:11     | 13630 ||| FLEEEEING.
 13631 | D:11     | 13631 ||| FLEEEEING.
 13632 | D:11     | 13632 ||| FLEEEEING.
 13633 | D:11     | 13633 ||| STAIRDANCE
 13719 | D:11     | Killed Urug
 13727 | D:11     | 13727 ||| STAIRDANCE
 13824 | D:11     | Noticed Lodul
 13833 | D:11     | Reached XP level 11. HP: 62/97 MP: 10/10
 13838 | D:11     | Killed Lodul
 13842 | D:11     | 13842 ||| FLEEEEING.
 13843 | D:11     | 13843 ||| FLEEEEING.
 13844 | D:11     | 13844 ||| FLEEEEING.
 13845 | D:11     | 13845 ||| FLEEEEING.
 13846 | D:11     | 13846 ||| FLEEEEING.
 13847 | D:11     | 13847 ||| FLEEEEING.
 13848 | D:11     | 13848 ||| FLEEEEING.
 13849 | D:11     | 13849 ||| FLEEEEING.
 13850 | D:11     | 13850 ||| FLEEEEING.
 13851 | D:11     | 13851 ||| FLEEEEING.
 13852 | D:11     | 13852 ||| FLEEEEING.
 13853 | D:11     | 13853 ||| FLEEEEING.
 13854 | D:11     | 13854 ||| FLEEEEING.
 13855 | D:11     | 13855 ||| STAIRDANCE
 14020 | D:11     | Reached skill level 3 in Throwing
 14205 | D:11     | Found a staircase to the Orcish Mines.
 14222 | D:11     | 14222 ||| FLEEEEING.
 14223 | D:11     | 14223 ||| FLEEEEING.
 14224 | D:11     | 14224 ||| FLEEEEING.
 14225 | D:11     | 14225 ||| FLEEEEING.
 14226 | D:11     | 14226 ||| FLEEEEING.
 14227 | D:11     | 14227 ||| FLEEEEING.
 14338 | D:11     | 14338 ||| Invisible monster not found???
 14353 | D:11     | 14353 ||| DRINKING 4 potions of curing.
 14353 | D:11     | 14353 ||| (to cure confusion)
 14355 | D:11     | 14355 ||| DRINKING 3 potions of curing.
 14355 | D:11     | 14355 ||| (to cure confusion)
 14377 | D:11     | 14377 ||| DRINKING 2 potions of curing.
 14377 | D:11     | 14377 ||| (to cure confusion)
 14394 | D:11     | 14394 ||| DRINKING potion of curing.
 14394 | D:11     | 14394 ||| (to cure confusion)
 14464 | D:11     | 14464 ||| PLANNING LAIR
 14464 | D:11     | 14464 ||| READING 3 scrolls of identify.
 14464 | D:11     | 14464 ||| IDENTIFYING brown potion
 14525 | Lair:1   | Entered Level 1 of the Lair of Beasts
 14676 | Lair:1   | 14676 ||| Stepping ~*~*~tactically~*~*~ (stealth).
 14682 | Lair:1   | 14682 ||| Stepping ~*~*~tactically~*~*~ (stealth).
 14836 | Lair:1   | Noticed a seven-headed hydra
 14838 | Lair:1   | 14838 ||| SWAPPING to +0 flail of protection.
 14848 | Lair:1   | Killed a seven-headed hydra
 14849 | Lair:1   | 14849 ||| SWAPPING to +2 war axe of protection.
 15102 | Lair:1   | 15102 ||| Stepping ~*~*~tactically~*~*~ (stealth).
 15104 | Lair:1   | 15104 ||| Stepping ~*~*~tactically~*~*~ (stealth).
 15142 | Lair:1   | Reached skill level 10 in Fighting
 15548 | Lair:1   | 15548 ||| DROPPING +0 pair of gloves of hurling.
 15639 | Lair:2   | 15639 ||| Stepping ~*~*~tactically~*~*~ (stealth).
 15651 | Lair:2   | 15651 ||| Stepping ~*~*~tactically~*~*~ (stealth).
 15825 | Lair:2   | Found a staircase to the Shoals.
 15972 | Lair:2   | 15972 ||| INVOKING Sacrifice Artifice.
 15972 | Lair:2   | Gained mutation: You cannot study or use magical devices.
                  | [Ru sacrifice]
 15972 | Lair:2   | Reached ***** piety under Ru
 15972 | Lair:2   | Reached ****** piety under Ru
 15999 | Lair:2   | Found a staircase to the Snake Pit.
 16003 | Lair:2   | 16003 ||| INVOKING Apocalypse.
 16009 | Lair:2   | 16009 ||| Stepping ~*~*~tactically~*~*~ (stealth).
 16010 | Lair:2   | 16010 ||| Stepping ~*~*~tactically~*~*~ (stealth).
 16021 | Lair:2   | 16021 ||| Stepping ~*~*~tactically~*~*~ (stealth).
 16034 | Lair:2   | Reached skill level 11 in Fighting
 16074 | Lair:2   | 16074 ||| Stepping ~*~*~tactically~*~*~ (stealth).
 16078 | Lair:2   | 16078 ||| Stepping ~*~*~tactically~*~*~ (stealth).
 16203 | Lair:2   | 16203 ||| Stepping ~*~*~tactically~*~*~ (stealth).
 16279 | Lair:2   | 16279 ||| Stepping ~*~*~tactically~*~*~ (stealth).
 16609 | Lair:2   | 16609 ||| DROPPING +6 ring of dexterity.
 16610 | Lair:2   | 16610 ||| READING scroll labelled MIDEAL INTORPH.
 16610 | Lair:2   | Identified a scroll of acquirement
 16610 | Lair:2   | 16610 ||| ACQUIRING +2 hat "Foangem" {Fly Regen+ Dex+2
                  | Slay-2}
 16610 | Lair:2   | Acquired the +2 hat "Foangem" {Fly Regen+ Dex+2 Slay-2}
 16612 | Lair:2   | 16612 ||| UPGRADING to +2 hat "Foangem" {Fly Regen+ Dex+2
                  | Slay-2}.
 16617 | Lair:2   | 16617 ||| READING 3 scrolls of identify.
 16617 | Lair:2   | 16617 ||| IDENTIFYING green potion
 16618 | Lair:2   | 16618 ||| DROPPING potion of berserk rage.
 16637 | Lair:3   | 16637 ||| Stepping ~*~*~tactically~*~*~ (stealth).
 16890 | Lair:3   | 16890 ||| Stepping ~*~*~tactically~*~*~ (stealth).
 16893 | Lair:3   | 16893 ||| Stepping ~*~*~tactically~*~*~ (hiding).
 17065 | Lair:3   | 17065 ||| INVOKING Apocalypse.
 17509 | Lair:3   | Reached XP level 12. HP: 101/102 MP: 11/11
 17519 | Lair:3   | 17519 ||| UPGRADING to +0 cloak.
 17564 | Lair:4   | 17564 ||| STAIRDANCE
 17689 | Lair:4   | 17689 ||| INVOKING Apocalypse.
 17929 | Lair:4   | Noticed Snorg
 17939 | Lair:4   | Killed Snorg
 17995 | Lair:4   | 17995 ||| Stepping ~*~*~tactically~*~*~ (stealth).
 17999 | Lair:4   | Noticed Rupert
 18000 | Lair:4   | 18000 ||| INVOKING Apocalypse.
 18001 | Lair:4   | 18001 ||| FLEEEEING.
 18003 | Lair:4   | 18003 ||| FLEEEEING.
 18004 | Lair:4   | 18004 ||| FLEEEEING.
 18005 | Lair:4   | 18005 ||| FLEEEEING.
 18006 | Lair:4   | 18006 ||| FLEEEEING.
 18007 | Lair:4   | 18007 ||| FLEEEEING.
 18008 | Lair:4   | 18008 ||| FLEEEEING.
 18009 | Lair:4   | 18009 ||| FLEEEEING.
 18010 | Lair:4   | 18010 ||| FLEEEEING.
 18014 | Lair:4   | 18014 ||| STAIRDANCE
 18071 | Lair:4   | Paralysed by Rupert for 4 turns
 18083 | Lair:4   | Killed Rupert
 18110 | Lair:4   | Found a staircase to the Slime Pits.
 18112 | Lair:4   | 18112 ||| Stepping ~*~*~tactically~*~*~ (stealth).
 18117 | Lair:4   | 18117 ||| INVOKING Apocalypse.
 18185 | Lair:4   | 18185 ||| Stepping ~*~*~tactically~*~*~ (stealth).
 18186 | Lair:4   | 18186 ||| Stepping ~*~*~tactically~*~*~ (stealth).
 18187 | Lair:4   | 18187 ||| Stepping ~*~*~tactically~*~*~ (stealth).
 18260 | Lair:4   | Reached skill level 12 in Fighting
 18295 | Lair:4   | Found an ornate altar of the Wu Jian Council.
 18296 | Lair:4   | Found a hide-covered altar of Uskayaw.
 18470 | Lair:4   | 18470 ||| Stepping ~*~*~tactically~*~*~ (stealth).
 18475 | Lair:4   | 18475 ||| Stepping ~*~*~tactically~*~*~ (stealth).
 18607 | Lair:4   | 18607 ||| INVOKING Apocalypse.
 18923 | Lair:5   | Entered Level 5 of the Lair of Beasts
 18930 | Lair:5   | 18930 ||| STAIRDANCE
 18938 | Lair:5   | 18938 ||| STAIRDANCE
 19049 | Lair:5   | Found a runed translucent door.
 19050 | Lair:5   | Found a shimmering altar of Xom.
 19050 | Lair:5   | Noticed qw's ghost (journeyman TrCA)
 19050 | Lair:5   | Identified the +7 glaive of Doybos {chaos, rC+ rCorr
                  | Stlth-}
 19065 | Lair:5   | Reached skill level 12 in Armour
 19094 | Lair:5   | Found a large runed translucent door.
 19097 | Lair:5   | Noticed a fire dragon
 19101 | Lair:5   | Found a large runed translucent door.
 19113 | Lair:5   | 19113 ||| INVOKING Apocalypse.
 19114 | Lair:5   | 19114 ||| FLEEEEING.
 19129 | Lair:5   | 19129 ||| DRINKING 2 potions of cancellation.
 19133 | Lair:5   | Reached skill level 13 in Fighting
 19139 | Lair:5   | 19139 ||| FLEEEEING.
 19140 | Lair:5   | 19140 ||| FLEEEEING.
 19141 | Lair:5   | 19141 ||| FLEEEEING.
 19175 | Lair:5   | 19175 ||| Stepping ~*~*~tactically~*~*~ (stealth).
 19220 | Lair:5   | 19220 ||| INVOKING Apocalypse.
 19303 | Lair:5   | 19303 ||| Stepping ~*~*~tactically~*~*~ (stealth).
 19398 | Lair:5   | 19398 ||| SWAPPING to +0 flail of protection.
 19407 | Lair:5   | 19407 ||| SWAPPING to +2 war axe of protection.
 19420 | Lair:5   | Noticed Sonja
 19422 | Lair:5   | 19422 ||| INVOKING Apocalypse.
 19422 | Lair:5   | Killed Sonja
 19423 | Lair:5   | Reached skill level 6 in Dodging
 19542 | Lair:5   | 19542 ||| SWAPPING to +0 flail of protection.
 19547 | Lair:5   | 19547 ||| SWAPPING to +2 war axe of protection.
 19580 | Lair:5   | 19580 ||| Stepping ~*~*~tactically~*~*~ (stealth).
 19582 | Lair:5   | 19582 ||| Stepping ~*~*~tactically~*~*~ (stealth).
 19633 | Lair:5   | 19633 ||| SWAPPING to +0 flail of protection.
 19642 | Lair:5   | 19642 ||| SWAPPING to +2 war axe of protection.
 19644 | Lair:5   | 19644 ||| SWAPPING to +0 flail of protection.
 19647 | Lair:5   | 19647 ||| Stepping ~*~*~tactically~*~*~ (outnumbered).
 19649 | Lair:5   | 19649 ||| SWAPPING to +2 war axe of protection.
 19660 | Lair:5   | Reached skill level 9 in Shields
 19673 | Lair:5   | 19673 ||| Stepping ~*~*~tactically~*~*~ (stealth).
 19674 | Lair:5   | 19674 ||| Stepping ~*~*~tactically~*~*~ (stealth).
 19683 | Lair:5   | Reached XP level 13. HP: 103/110 MP: 12/12
 19865 | Lair:5   | 19865 ||| Stepping ~*~*~tactically~*~*~ (stealth).
 19868 | Lair:5   | 19868 ||| Stepping ~*~*~tactically~*~*~ (stealth).
 19870 | Lair:5   | 19870 ||| Stepping ~*~*~tactically~*~*~ (stealth).
 19871 | Lair:5   | 19871 ||| Stepping ~*~*~tactically~*~*~ (stealth).
 19872 | Lair:5   | 19872 ||| Stepping ~*~*~tactically~*~*~ (stealth).
 20027 | Lair:5   | 20027 ||| Stepping ~*~*~tactically~*~*~ (stealth).
 20028 | Lair:5   | 20028 ||| Stepping ~*~*~tactically~*~*~ (stealth).
 20030 | Lair:5   | 20030 ||| Stepping ~*~*~tactically~*~*~ (stealth).
 20048 | Lair:5   | 20048 ||| Stepping ~*~*~tactically~*~*~ (stealth).
 20059 | Lair:5   | 20059 ||| INVOKING Apocalypse.
 20060 | Lair:5   | 20060 ||| SWAPPING to +0 flail of protection.
 20063 | Lair:5   | 20063 ||| Stepping ~*~*~tactically~*~*~ (outnumbered).
 20073 | Lair:5   | 20073 ||| SWAPPING to +2 war axe of protection.
 20075 | Lair:5   | 20075 ||| SWAPPING to +0 flail of protection.
 20079 | Lair:5   | 20079 ||| SWAPPING to +2 war axe of protection.
 20080 | Lair:5   | 20080 ||| SWAPPING to +0 flail of protection.
 20083 | Lair:5   | 20083 ||| SWAPPING to +2 war axe of protection.
 20085 | Lair:5   | 20085 ||| SWAPPING to +0 flail of protection.
 20086 | Lair:5   | 20086 ||| SWAPPING to +2 war axe of protection.
 20088 | Lair:5   | 20088 ||| SWAPPING to +0 flail of protection.
 20093 | Lair:5   | 20093 ||| SWAPPING to +2 war axe of protection.
 20430 | Lair:5   | 20430 ||| PLANNING D
 20430 | Lair:5   | 20430 ||| READING 2 scrolls of identify.
 20430 | Lair:5   | 20430 ||| IDENTIFYING black potion
 20713 | D:12     | 20713 ||| DROPPING +0 flail of protection.
 20797 | D:12     | 20797 ||| INVOKING Apocalypse.
 20798 | D:12     | 20798 ||| FLEEEEING.
 20799 | D:12     | 20799 ||| FLEEEEING.
 20800 | D:12     | 20800 ||| FLEEEEING.
 20801 | D:12     | 20801 ||| FLEEEEING.
 20802 | D:12     | 20802 ||| FLEEEEING.
 20803 | D:12     | 20803 ||| FLEEEEING.
 20807 | D:12     | 20807 ||| FLEEEEING.
 20808 | D:12     | 20808 ||| FLEEEEING.
 20809 | D:12     | 20809 ||| FLEEEEING.
 20810 | D:12     | 20810 ||| FLEEEEING.
 20811 | D:12     | 20811 ||| FLEEEEING.
 20815 | D:12     | 20815 ||| FLEEEEING.
 20816 | D:12     | 20816 ||| FLEEEEING.
 20817 | D:12     | 20817 ||| FLEEEEING.
 20818 | D:12     | 20818 ||| FLEEEEING.
 20823 | D:12     | 20823 ||| FLEEEEING.
 20824 | D:12     | 20824 ||| FLEEEEING.
 20825 | D:12     | 20825 ||| FLEEEEING.
 20827 | D:12     | 20827 ||| FLEEEEING.
 20832 | D:12     | 20832 ||| FLEEEEING.
 20953 | D:12     | 20953 ||| Stepping ~*~*~tactically~*~*~ (stealth).
 20954 | D:12     | 20954 ||| Stepping ~*~*~tactically~*~*~ (stealth).
 21163 | D:12     | 21163 ||| INVOKING Apocalypse.
 21164 | D:12     | Reached skill level 14 in Fighting
 21374 | D:12     | 21374 ||| Stepping ~*~*~tactically~*~*~ (stealth).
 21375 | D:12     | 21375 ||| Stepping ~*~*~tactically~*~*~ (stealth).
 21401 | D:12     | 21401 ||| SWAPPING to +0 morningstar.
 21411 | D:12     | 21411 ||| SWAPPING to +2 war axe of protection.
 21667 | D:13     | 21667 ||| PLANNING GAUNTLET
 21757 | D:13     | 21757 ||| FLEEEEING.
 21758 | D:13     | 21758 ||| FLEEEEING.
 21837 | D:13     | Found a gate to the Vaults.
 21937 | D:13     | 21937 ||| Stepping ~*~*~tactically~*~*~ (stealth).
 21938 | D:13     | 21938 ||| INVOKING Apocalypse.
 22237 | D:13     | 22237 ||| RIP GAUNTLET
 22246 | D:13     | 22246 ||| PLANNING D
 22543 | D:13     | 22543 ||| UPGRADING to +1 kite shield of protection.
 22553 | D:13     | 22553 ||| DROPPING +0 buckler.
 22554 | D:13     | 22554 ||| DROPPING +1 hat.
 22960 | D:14     | 22960 ||| Stepping ~*~*~tactically~*~*~ (hiding).
 23093 | D:14     | Found Peoloru's Distillery.
 23110 | D:14     | 23110 ||| BUYING potion of curing (54 gold).
 23110 | D:14     | Bought a potion of curing for 54 gold pieces
 23110 | D:14     | 23110 ||| BUYING potion of might (72 gold).
 23110 | D:14     | Bought a potion of might for 72 gold pieces
 23149 | D:14     | 23149 ||| INVOKING Apocalypse.
 23202 | D:14     | 23202 ||| Stepping ~*~*~tactically~*~*~ (stealth).
 23246 | D:14     | Identified the +1 ring mail of Fijitsax {+Blink}
 23265 | D:14     | 23265 ||| Stepping ~*~*~tactically~*~*~ (hiding).
 23274 | D:14     | 23274 ||| Stepping ~*~*~tactically~*~*~ (hiding).
 23365 | D:14     | Identified the +5 robe of the Eight Boll Weevils {Archmagi}
 23471 | D:15     | Entered Level 15 of the Dungeon
 23494 | D:15     | 23494 ||| INVOKING Apocalypse.
 23495 | D:15     | Reached XP level 14. HP: 114/121 MP: 4/13
 23517 | D:15     | 23517 ||| FLEEEEING.
 23589 | D:15     | 23589 ||| INVOKING Apocalypse.
 23590 | D:15     | 23590 ||| FLEEEEING.
 23591 | D:15     | 23591 ||| FLEEEEING.
 23596 | D:15     | 23596 ||| FLEEEEING.
 23597 | D:15     | 23597 ||| Stepping ~*~*~tactically~*~*~ (hiding).
 23616 | D:15     | 23616 ||| FLEEEEING.
 23617 | D:15     | 23617 ||| SWAPPING to +0 morningstar.
 23626 | D:15     | Reached skill level 12 in Shields
 23626 | D:15     | 23626 ||| SWAPPING to +2 war axe of protection.
 23640 | D:15     | 23640 ||| Stepping ~*~*~tactically~*~*~ (stealth).
 23650 | D:15     | 23650 ||| Stepping ~*~*~tactically~*~*~ (stealth).
 23663 | D:15     | 23663 ||| Stepping ~*~*~tactically~*~*~ (stealth).
 23665 | D:15     | 23665 ||| Stepping ~*~*~tactically~*~*~ (stealth).
 23667 | D:15     | 23667 ||| Stepping ~*~*~tactically~*~*~ (hiding).
 23744 | D:15     | 23744 ||| Stepping ~*~*~tactically~*~*~ (stealth).
 23745 | D:15     | 23745 ||| Stepping ~*~*~tactically~*~*~ (stealth).
 23838 | D:15     | Found a staircase to the Depths.
 23839 | D:15     | 23839 ||| Stepping ~*~*~tactically~*~*~ (stealth).
 23840 | D:15     | 23840 ||| Stepping ~*~*~tactically~*~*~ (stealth).
 24444 | D:15     | 24444 ||| SWAPPING to +2 broad axe of flaming.
 24445 | D:15     | 24445 ||| DROPPING +0 morningstar.
 24446 | D:15     | 24446 ||| DROPPING +2 war axe of protection.
 24459 | D:15     | 24459 ||| PLANNING ORC
 24459 | D:15     | 24459 ||| READING scroll labelled GOUSEXELUA.
 24470 | D:15     | 24470 ||| Stepping ~*~*~tactically~*~*~ (stealth).
 24589 | D:11     | 24589 ||| DRINKING 3 potions of curing.
 24589 | D:11     | 24589 ||| (to cure confusion)
 24593 | D:11     | 24593 ||| READING scroll of enchant armour.
 24593 | D:11     | 24593 ||| ENCHANTING +1 pair of gloves.
 24599 | Orc:1    | Entered Level 1 of the Orcish Mines
 24600 | Orc:1    | 24600 ||| INVOKING Apocalypse.
 24605 | Orc:1    | 24605 ||| Stepping ~*~*~tactically~*~*~ (hiding).
 24606 | Orc:1    | 24606 ||| Stepping ~*~*~tactically~*~*~ (hiding).
 24607 | Orc:1    | 24607 ||| Stepping ~*~*~tactically~*~*~ (hiding).
 24609 | Orc:1    | 24609 ||| Stepping ~*~*~tactically~*~*~ (hiding).
 24614 | Orc:1    | Paralysed by an orc sorcerer for 3 turns
 24819 | Orc:2    | Entered Level 2 of the Orcish Mines
 24823 | Orc:2    | 24823 ||| STAIRDANCE
 24925 | Orc:2    | 24925 ||| FLEEEEING.
 24926 | Orc:2    | 24926 ||| FLEEEEING.
 24927 | Orc:2    | 24927 ||| FLEEEEING.
 24928 | Orc:2    | 24928 ||| FLEEEEING.
 24929 | Orc:2    | 24929 ||| FLEEEEING.
 24930 | Orc:2    | 24930 ||| FLEEEEING.
 24932 | Orc:2    | 24932 ||| Stepping ~*~*~tactically~*~*~ (hiding).
 24935 | Orc:2    | 24935 ||| FLEEEEING.
 24936 | Orc:2    | 24936 ||| FLEEEEING.
 24937 | Orc:2    | 24937 ||| FLEEEEING.
 24938 | Orc:2    | 24938 ||| FLEEEEING.
 24939 | Orc:2    | 24939 ||| STAIRDANCE
 25042 | Orc:2    | Paralysed by an orc sorcerer for 4 turns
 25046 | Orc:2    | 25046 ||| STAIRDANCE
 25072 | Orc:2    | Noticed an orc warlord
 25073 | Orc:2    | 25073 ||| STAIRDANCE
 25079 | Orc:2    | 25079 ||| STAIRDANCE
 25083 | Orc:1    | 25083 ||| INVOKING Apocalypse.
 25085 | Orc:1    | Killed an orc warlord
 25147 | Orc:2    | 25147 ||| STAIRDANCE
 25155 | Orc:2    | 25155 ||| STAIRDANCE
 25209 | Orc:2    | 25209 ||| STAIRDANCE
 25215 | Orc:2    | 25215 ||| STAIRDANCE
 25228 | Orc:2    | 25228 ||| STAIRDANCE
 25250 | Orc:2    | 25250 ||| STAIRDANCE
 25270 | Orc:2    | 25270 ||| STAIRDANCE
 25275 | Orc:2    | Paralysed by an orc sorcerer for 2 turns
 25277 | Orc:2    | 25277 ||| STAIRDANCE
 25387 | Orc:2    | 25387 ||| STAIRDANCE
 25416 | Orc:2    | 25416 ||| STAIRDANCE
 25505 | Orc:2    | Found a staircase to the Elven Halls.
 25571 | Orc:2    | 25571 ||| Stepping ~*~*~tactically~*~*~ (stealth).
 25572 | Orc:2    | 25572 ||| Stepping ~*~*~tactically~*~*~ (stealth).
 25583 | Orc:2    | 25583 ||| Stepping ~*~*~tactically~*~*~ (hiding).
 25647 | Orc:2    | 25647 ||| Stepping ~*~*~tactically~*~*~ (hiding).
 25736 | Orc:2    | Found Xonuu's Distillery.
 25741 | Orc:2    | 25741 ||| BUYING potion of curing (48 gold).
 25741 | Orc:2    | Bought a potion of curing for 48 gold pieces
 25741 | Orc:2    | 25741 ||| BUYING potion of haste (160 gold).
 25741 | Orc:2    | Bought a potion of haste for 160 gold pieces
 25741 | Orc:2    | 25741 ||| BUYING potion of might (64 gold).
 25741 | Orc:2    | Bought a potion of might for 64 gold pieces
 25741 | Orc:2    | 25741 ||| BUYING potion of mutation (128 gold).
 25741 | Orc:2    | Bought a potion of mutation for 128 gold pieces
 25827 | Orc:2    | 25827 ||| Stepping ~*~*~tactically~*~*~ (stealth).
 25829 | Orc:2    | 25829 ||| Stepping ~*~*~tactically~*~*~ (stealth).
 25832 | Orc:2    | Found Tenn's Antique Armour Emporium.
 25837 | Orc:2    | Found Cumola's Antique Weapon Shoppe.
 25844 | Orc:2    | 25844 ||| SHOPLISTING pitted fire dragon scales (1950 gold,
                  | have 1844).
 25844 | Orc:2    | 25844 ||| BUYING shiny plate armour (780 gold).
 25844 | Orc:2    | Bought a shiny plate armour for 780 gold pieces
 25930 | Orc:2    | Found Keits's Book Boutique.
 25949 | Orc:2    | 25949 ||| INVOKING Apocalypse.
 26085 | Orc:2    | 26085 ||| UPGRADING to +10 plate armour of ponderousness.
 26095 | Orc:2    | 26095 ||| DROPPING +0 plate armour.
 26137 | Orc:1    | Reached skill level 18 in Axes
 26268 | Orc:1    | 26268 ||| Stepping ~*~*~tactically~*~*~ (stealth).
 26300 | Orc:1    | 26300 ||| Stepping ~*~*~tactically~*~*~ (hiding).
 26301 | Orc:1    | 26301 ||| Stepping ~*~*~tactically~*~*~ (stealth).
 26303 | Orc:1    | 26303 ||| Stepping ~*~*~tactically~*~*~ (hiding).
 26307 | Orc:1    | 26307 ||| Stepping ~*~*~tactically~*~*~ (hiding).
 26322 | Orc:1    | 26322 ||| Stepping ~*~*~tactically~*~*~ (hiding).
 26323 | Orc:1    | 26323 ||| Stepping ~*~*~tactically~*~*~ (hiding).
 26324 | Orc:1    | 26324 ||| Stepping ~*~*~tactically~*~*~ (hiding).
 26405 | Orc:1    | 26405 ||| PLANNING SNAKE:1-3
 26535 | Snake:1  | Entered Level 1 of the Snake Pit
 26630 | Snake:1  | 26630 ||| Stepping ~*~*~tactically~*~*~ (stealth).
 26761 | Snake:1  | 26761 ||| Stepping ~*~*~tactically~*~*~ (hiding).
 26764 | Snake:1  | 26764 ||| Stepping ~*~*~tactically~*~*~ (hiding).
 26767 | Snake:1  | 26767 ||| Stepping ~*~*~tactically~*~*~ (hiding).
 26853 | Snake:1  | 26853 ||| Stepping ~*~*~tactically~*~*~ (stealth).
 26874 | Snake:1  | 26874 ||| Stepping ~*~*~tactically~*~*~ (stealth).
 26878 | Snake:1  | 26878 ||| Stepping ~*~*~tactically~*~*~ (stealth).
 27011 | Snake:1  | 27011 ||| Stepping ~*~*~tactically~*~*~ (hiding).
 27187 | Snake:1  | 27187 ||| INVOKING Apocalypse.
 27410 | Snake:1  | 27410 ||| Stepping ~*~*~tactically~*~*~ (hiding).
 27411 | Snake:1  | 27411 ||| Stepping ~*~*~tactically~*~*~ (hiding).
 27413 | Snake:1  | 27413 ||| Stepping ~*~*~tactically~*~*~ (hiding).
 27868 | Snake:2  | 27868 ||| Stepping ~*~*~tactically~*~*~ (hiding).
 27902 | Snake:2  | 27902 ||| Stepping ~*~*~tactically~*~*~ (hiding).
 28066 | Snake:2  | 28066 ||| Stepping ~*~*~tactically~*~*~ (hiding).
 28078 | Snake:2  | Reached skill level 15 in Fighting
 28122 | Snake:2  | 28122 ||| Stepping ~*~*~tactically~*~*~ (hiding).
 28139 | Snake:2  | Reached XP level 15. HP: 136/138 MP: 14/14
 28156 | Snake:2  | 28156 ||| Stepping ~*~*~tactically~*~*~ (hiding).
 28268 | Snake:2  | Noticed Mlioglotl
 28269 | Snake:2  | 28269 ||| INVOKING Apocalypse.
 28270 | Snake:2  | 28270 ||| Stepping ~*~*~tactically~*~*~ (hiding).
 28271 | Snake:2  | 28271 ||| Stepping ~*~*~tactically~*~*~ (stealth).
 28308 | Snake:2  | Killed Mlioglotl
 28310 | Snake:2  | 28310 ||| INVOKING Apocalypse.
 28373 | Snake:2  | 28373 ||| Stepping ~*~*~tactically~*~*~ (stealth).
 28393 | Snake:2  | 28393 ||| Stepping ~*~*~tactically~*~*~ (hiding).
 28395 | Snake:2  | 28395 ||| Stepping ~*~*~tactically~*~*~ (hiding).
 28408 | Snake:2  | 28408 ||| Stepping ~*~*~tactically~*~*~ (stealth).
 28540 | Snake:2  | 28540 ||| Stepping ~*~*~tactically~*~*~ (stealth).
 28541 | Snake:2  | 28541 ||| Stepping ~*~*~tactically~*~*~ (stealth).
 28543 | Snake:2  | 28543 ||| Stepping ~*~*~tactically~*~*~ (hiding).
 28857 | Snake:2  | 28857 ||| UPGRADING to +2 pair of boots.
 28867 | Snake:2  | 28867 ||| DROPPING +0 pair of boots of rampaging.
 28978 | Snake:3  | HP: 30/124 [naga warrior/+1 halberd of flaming (4)]
 28979 | Snake:3  | 28979 ||| READING 10 scrolls of teleportation.
 28980 | Snake:3  | 28980 ||| DRINKING 4 potions of heal wounds.
 28993 | Snake:3  | 28993 ||| INVOKING Apocalypse.
 28994 | Snake:3  | Reached skill level 15 in Shields
 29326 | Snake:3  | 29326 ||| Stepping ~*~*~tactically~*~*~ (hiding).
 29758 | Snake:3  | 29758 ||| PLANNING SHOALS:1-3
 29758 | Snake:3  | 29758 ||| DROPPING amulet of the acrobat.
 29876 | Shoals:1 | Entered Level 1 of the Shoals
 29900 | Shoals:1 | Noticed a kraken
 29908 | Shoals:1 | Killed a kraken
 29909 | Shoals:1 | Reached skill level 16 in Fighting
 29914 | Shoals:1 | Found a runed translucent door.
 29919 | Shoals:1 | Noticed a kraken
 29927 | Shoals:1 | Killed a kraken
 29943 | Shoals:1 | Noticed a kraken
 29964 | Shoals:1 | Killed a kraken
 29974 | Shoals:1 | 29974 ||| INVOKING Apocalypse.
 30020 | Shoals:1 | Reached skill level 15 in Armour
 30027 | Shoals:1 | 30027 ||| INVOKING Apocalypse.
 30029 | Shoals:1 | HP: 28/127 [merfolk/+2 trident of protection (9)]
 30030 | Shoals:1 | 30030 ||| READING 9 scrolls of teleportation.
 30031 | Shoals:1 | 30031 ||| DRINKING 3 potions of heal wounds.
 30073 | Shoals:1 | 30073 ||| Stepping ~*~*~tactically~*~*~ (stealth).
 30139 | Shoals:1 | 30139 ||| Stepping ~*~*~tactically~*~*~ (hiding).
 30146 | Shoals:1 | 30146 ||| Stepping ~*~*~tactically~*~*~ (stealth).
 30147 | Shoals:1 | 30147 ||| Stepping ~*~*~tactically~*~*~ (hiding).
 30174 | Shoals:1 | 30174 ||| INVOKING Apocalypse.
 30259 | Shoals:1 | 30259 ||| READING 8 scrolls of teleportation.
 30510 | Shoals:1 | 30510 ||| Stepping ~*~*~tactically~*~*~ (hiding).
 30511 | Shoals:1 | 30511 ||| Stepping ~*~*~tactically~*~*~ (hiding).
 30621 | Shoals:1 | 30621 ||| READING scroll of enchant armour.
 30621 | Shoals:1 | 30621 ||| ENCHANTING +0 cloak.
 30698 | Shoals:1 | 30698 ||| Stepping ~*~*~tactically~*~*~ (hiding).
 30856 | Shoals:1 | Noticed a kraken
 30866 | Shoals:1 | Killed a kraken
 30919 | Shoals:1 | 30919 ||| READING 7 scrolls of teleportation.
 31021 | Shoals:1 | 31021 ||| Stepping ~*~*~tactically~*~*~ (cloud).
 31028 | Shoals:1 | 31028 ||| READING 6 scrolls of teleportation.
 31122 | Shoals:1 | 31122 ||| READING 5 scrolls of teleportation.
 31238 | Shoals:1 | 31238 ||| READING scroll of acquirement.
 31238 | Shoals:1 | 31238 ||| ACQUIRING 616 gold pieces
 31238 | Shoals:1 | Acquired 616 gold pieces
 31243 | Shoals:1 | 31243 ||| READING 4 scrolls of teleportation.
 31258 | Shoals:1 | 31258 ||| READING 3 scrolls of teleportation.
 31315 | Shoals:1 | 31315 ||| READING 2 scrolls of teleportation.
 31397 | Shoals:1 | Identified the +2 pair of boots of Inevitability {*Corrode
                  | Fly rF+}
 31402 | Shoals:1 | 31402 ||| UPGRADING to +2 pair of boots of Inevitability
                  | {*Corrode Fly rF+}.
 31662 | Shoals:2 | 31662 ||| Stepping ~*~*~tactically~*~*~ (stealth).
 31931 | Shoals:2 | Reached skill level 6 in Throwing
 31931 | Shoals:2 | Reached XP level 16. HP: 140/152 MP: 15/15
 32192 | Shoals:2 | 32192 ||| DROPPING amulet of guardian spirit.
 32216 | Shoals:3 | 32216 ||| Stepping ~*~*~tactically~*~*~ (stealth).
 32257 | Shoals:3 | Noticed Kirke
 32258 | Shoals:3 | 32258 ||| INVOKING Apocalypse.
 32259 | Shoals:3 | 32259 ||| FLEEEEING.
 32260 | Shoals:3 | 32260 ||| FLEEEEING.
 32264 | Shoals:3 | Reached skill level 17 in Fighting
 32264 | Shoals:3 | 32264 ||| FLEEEEING.
 32265 | Shoals:3 | 32265 ||| FLEEEEING.
 32266 | Shoals:3 | 32266 ||| FLEEEEING.
 32267 | Shoals:3 | 32267 ||| FLEEEEING.
 32268 | Shoals:3 | 32268 ||| FLEEEEING.
 32269 | Shoals:3 | 32269 ||| FLEEEEING.
 32272 | Shoals:3 | 32272 ||| STAIRDANCE
 32315 | Shoals:3 | 32315 ||| STAIRDANCE
 32323 | Shoals:2 | Killed Kirke
 32474 | Shoals:3 | 32474 ||| Stepping ~*~*~tactically~*~*~ (stealth).
 32510 | Shoals:3 | 32510 ||| READING scroll of enchant weapon.
 32510 | Shoals:3 | 32510 ||| ENCHANTING +2 broad axe of flaming.
 32550 | Shoals:3 | 32550 ||| READING scroll of brand weapon.
 32550 | Shoals:3 | 32550 ||| BRANDING +3 broad axe of flaming.
 32557 | Shoals:3 | 32557 ||| Stepping ~*~*~tactically~*~*~ (hiding).
 32561 | Shoals:3 | 32561 ||| Stepping ~*~*~tactically~*~*~ (cloud).
 32566 | Shoals:3 | 32566 ||| Stepping ~*~*~tactically~*~*~ (cloud).
 32566 | Shoals:3 | Noticed Polyphemus
 32567 | Shoals:3 | 32567 ||| INVOKING Apocalypse.
 32571 | Shoals:3 | 32571 ||| FLEEEEING.
 32572 | Shoals:3 | 32572 ||| FLEEEEING.
 32573 | Shoals:3 | 32573 ||| FLEEEEING.
 32574 | Shoals:3 | 32574 ||| FLEEEEING.
 32575 | Shoals:3 | 32575 ||| FLEEEEING.
 32577 | Shoals:3 | 32577 ||| Stepping ~*~*~tactically~*~*~ (stealth).
 32580 | Shoals:3 | 32580 ||| Stepping ~*~*~tactically~*~*~ (hiding).
 32587 | Shoals:3 | Killed Polyphemus
 32640 | Shoals:3 | 32640 ||| Stepping ~*~*~tactically~*~*~ (stealth).
 32641 | Shoals:3 | 32641 ||| Stepping ~*~*~tactically~*~*~ (stealth).
 33164 | Shoals:3 | 33164 ||| Stepping ~*~*~tactically~*~*~ (hiding).
 33228 | Shoals:3 | 33228 ||| PLANNING SNAKE:4
 33426 | Snake:4  | Entered Level 4 of the Snake Pit
 33426 | Snake:4  | Found Rahys's Antique Weapon Boutique.
 33431 | Snake:4  | 33431 ||| Stepping ~*~*~tactically~*~*~ (stealth).
 33432 | Snake:4  | 33432 ||| Stepping ~*~*~tactically~*~*~ (stealth).
 33461 | Snake:4  | 33461 ||| BUYING morningstar (100 gold).
 33461 | Snake:4  | Bought a morningstar for 100 gold pieces
 33461 | Snake:4  | 33461 ||| DROPPING +0 flail.
 33547 | Snake:4  | 33547 ||| Stepping ~*~*~tactically~*~*~ (hiding).
 33551 | Snake:4  | 33551 ||| INVOKING Apocalypse.
 33560 | Snake:4  | Reached skill level 9 in Throwing
 33572 | Snake:4  | HP: 34/139 [poisoned by a nagaraja (bolt of poison)]
 33573 | Snake:4  | 33573 ||| READING scroll of teleportation.
 33574 | Snake:4  | 33574 ||| DRINKING 2 potions of heal wounds.
 33577 | Snake:4  | HP: 35/142 [poisoned by a nagaraja (bolt of poison)]
 33578 | Snake:4  | 33578 ||| DRINKING potion of heal wounds.
 33701 | Snake:4  | 33701 ||| Stepping ~*~*~tactically~*~*~ (hiding).
 33703 | Snake:4  | 33703 ||| Stepping ~*~*~tactically~*~*~ (hiding).
 33709 | Snake:4  | 33709 ||| Stepping ~*~*~tactically~*~*~ (hiding).
 33769 | Snake:4  | 33769 ||| Stepping ~*~*~tactically~*~*~ (hiding).
 33770 | Snake:4  | 33770 ||| Stepping ~*~*~tactically~*~*~ (hiding).
 33774 | Snake:4  | Noticed Vashnia
 33775 | Snake:4  | 33775 ||| INVOKING Apocalypse.
 33776 | Snake:4  | 33776 ||| Stepping ~*~*~tactically~*~*~ (hiding).
 33778 | Snake:4  | 33778 ||| FLEEEEING.
 33779 | Snake:4  | 33779 ||| FLEEEEING.
 33780 | Snake:4  | 33780 ||| FLEEEEING.
 33781 | Snake:4  | 33781 ||| FLEEEEING.
 33782 | Snake:4  | 33782 ||| FLEEEEING.
 33783 | Snake:4  | 33783 ||| FLEEEEING.
 33784 | Snake:4  | 33784 ||| FLEEEEING.
 33785 | Snake:4  | 33785 ||| FLEEEEING.
 33786 | Snake:4  | 33786 ||| FLEEEEING.
 33787 | Snake:4  | 33787 ||| STAIRDANCE
 33857 | Snake:4  | Killed Vashnia
 33864 | Snake:4  | 33864 ||| FLEEEEING.
 33865 | Snake:4  | 33865 ||| FLEEEEING.
 33867 | Snake:4  | 33867 ||| STAIRDANCE
 33891 | Snake:4  | 33891 ||| Stepping ~*~*~tactically~*~*~ (hiding).
 33892 | Snake:4  | 33892 ||| Stepping ~*~*~tactically~*~*~ (hiding).
 33903 | Snake:4  | 33903 ||| FLEEEEING.
 33904 | Snake:4  | 33904 ||| FLEEEEING.
 33905 | Snake:4  | 33905 ||| FLEEEEING.
 33906 | Snake:4  | 33906 ||| STAIRDANCE
 33947 | Snake:4  | 33947 ||| Stepping ~*~*~tactically~*~*~ (hiding).
 33955 | Snake:4  | 33955 ||| Stepping ~*~*~tactically~*~*~ (stealth).
 33970 | Snake:4  | 33970 ||| Stepping ~*~*~tactically~*~*~ (hiding).
 33971 | Snake:4  | 33971 ||| Stepping ~*~*~tactically~*~*~ (hiding).
 34045 | Snake:4  | 34045 ||| READING scroll of enchant armour.
 34045 | Snake:4  | 34045 ||| ENCHANTING +1 cloak.
 34064 | Snake:4  | 34064 ||| Stepping ~*~*~tactically~*~*~ (hiding).
 34148 | Snake:4  | Got a serpentine rune of Zot
 34243 | Snake:4  | Found Ehufoklu's Book Shop.
 34244 | Snake:4  | Found Umoiplel's Jewellery Shoppe.
 34245 | Snake:4  | Found Etaonej's Book Shop.
 34916 | Snake:4  | 34916 ||| PLANNING VAULTS:1-4
 35189 | Vaults:1 | Entered Level 1 of the Vaults
 35195 | Vaults:1 | 35195 ||| INVOKING Apocalypse.
 35198 | Vaults:1 | 35198 ||| Stepping ~*~*~tactically~*~*~ (hiding).
 35200 | Vaults:1 | 35200 ||| Stepping ~*~*~tactically~*~*~ (hiding).
 35202 | Vaults:1 | 35202 ||| DRINKING potion of resistance.
 35342 | Vaults:1 | 35342 ||| INVOKING Apocalypse.
 35362 | Vaults:1 | Reached skill level 9 in Dodging
 35494 | Vaults:1 | 35494 ||| Stepping ~*~*~tactically~*~*~ (stealth).
 35496 | Vaults:1 | 35496 ||| Stepping ~*~*~tactically~*~*~ (hiding).
 35498 | Vaults:1 | 35498 ||| INVOKING Apocalypse.
 35646 | Vaults:1 | 35646 ||| Stepping ~*~*~tactically~*~*~ (hiding).
 35669 | Vaults:1 | Reached XP level 17. HP: 131/140 MP: 16/16
 35761 | Vaults:1 | 35761 ||| Stepping randomly (stuck).
 35763 | Vaults:1 | 35763 ||| Stepping randomly (stuck).
 35855 | Vaults:1 | 35855 ||| Stepping ~*~*~tactically~*~*~ (hiding).
 36034 | Vaults:1 | 36034 ||| INVOKING Apocalypse.
 36036 | Vaults:1 | 36036 ||| Stepping ~*~*~tactically~*~*~ (stealth).
 36044 | Vaults:1 | 36044 ||| Stepping ~*~*~tactically~*~*~ (stealth).
 36216 | Vaults:1 | 36216 ||| DROPPING +3 plate armour.
 36534 | Vaults:2 | 36534 ||| Stepping ~*~*~tactically~*~*~ (hiding).
 36539 | Vaults:2 | Reached skill level 18 in Fighting
 36650 | Vaults:2 | Noticed Margery
 36651 | Vaults:2 | 36651 ||| INVOKING Apocalypse.
 36656 | Vaults:2 | Killed Margery
 36712 | Vaults:2 | 36712 ||| DROPPING +0 morningstar.
 37259 | Vaults:2 | 37259 ||| Stepping ~*~*~tactically~*~*~ (hiding).
 37328 | Vaults:2 | 37328 ||| SWAPPING to +4 broad axe of flaming.
 37329 | Vaults:2 | 37329 ||| DROPPING +0 war axe of flaming.
 37330 | Vaults:2 | 37330 ||| DROPPING +3 broad axe of draining.
 37386 | Vaults:2 | 37386 ||| READING scroll of enchant weapon.
 37386 | Vaults:2 | 37386 ||| ENCHANTING +4 broad axe of flaming.
 37396 | Vaults:2 | Paralysed by a great orb of eyes for 3 turns
 37812 | Vaults:3 | 37812 ||| INVOKING Apocalypse.
 37817 | Vaults:3 | 37817 ||| FLEEEEING.
 37818 | Vaults:3 | 37818 ||| STAIRDANCE
 37867 | Vaults:3 | 37867 ||| STAIRDANCE
 38042 | Vaults:3 | 38042 ||| FLEEEEING.
 38043 | Vaults:3 | 38043 ||| FLEEEEING.
 38044 | Vaults:3 | 38044 ||| FLEEEEING.
 38045 | Vaults:3 | 38045 ||| FLEEEEING.
 38046 | Vaults:3 | 38046 ||| FLEEEEING.
 38047 | Vaults:3 | 38047 ||| STAIRDANCE
 38162 | Vaults:3 | 38162 ||| STAIRDANCE
 38555 | Vaults:3 | 38555 ||| Stepping ~*~*~tactically~*~*~ (hiding).
 38557 | Vaults:3 | 38557 ||| Stepping ~*~*~tactically~*~*~ (hiding).
 38564 | Vaults:3 | Paralysed by a great orb of eyes for 5 turns
 38819 | Vaults:3 | 38819 ||| Stepping ~*~*~tactically~*~*~ (hiding).
 38822 | Vaults:3 | 38822 ||| INVOKING Apocalypse.
 38898 | Vaults:3 | 38898 ||| Stepping ~*~*~tactically~*~*~ (hiding).
 38901 | Vaults:3 | Found a staircase to the Crypt.
 38905 | Vaults:3 | HP: 33/132 [eidolon/bolt of negative energy (38)]
 38906 | Vaults:3 | 38906 ||| READING scroll of teleportation.
 39044 | Vaults:3 | 39044 ||| Stepping ~*~*~tactically~*~*~ (stealth).
 39054 | Vaults:3 | 39054 ||| Stepping ~*~*~tactically~*~*~ (stealth).
 39058 | Vaults:3 | Reached skill level 19 in Fighting
 39114 | Vaults:3 | 39114 ||| Stepping ~*~*~tactically~*~*~ (stealth).
 39116 | Vaults:3 | 39116 ||| Stepping ~*~*~tactically~*~*~ (stealth).
 39209 | Vaults:3 | 39209 ||| Stepping ~*~*~tactically~*~*~ (hiding).
 39211 | Vaults:3 | 39211 ||| Stepping ~*~*~tactically~*~*~ (stealth).
 39376 | Vaults:3 | Found Ciren's Antique Weapon Shoppe.
 39381 | Vaults:3 | 39381 ||| BUYING runed broad axe (140 gold).
 39381 | Vaults:3 | Bought a runed broad axe for 140 gold pieces
 39381 | Vaults:3 | 39381 ||| DROPPING +2 broad axe of electrocution.
 39402 | Vaults:3 | Found Eddili Raisu's General Store.
 39468 | Vaults:3 | 39468 ||| Stepping ~*~*~tactically~*~*~ (hiding).
 39470 | Vaults:3 | 39470 ||| Stepping ~*~*~tactically~*~*~ (hiding).
 39474 | Vaults:3 | 39474 ||| INVOKING Apocalypse.
 39543 | Vaults:3 | 39543 ||| Stepping ~*~*~tactically~*~*~ (stealth).
 39689 | Vaults:3 | 39689 ||| UPGRADING to +0 tower shield.
 39699 | Vaults:3 | 39699 ||| DROPPING +1 kite shield of protection.
 39700 | Vaults:3 | 39700 ||| DROPPING ring of wizardry.
 39794 | Vaults:4 | 39794 ||| DRINKING potion of resistance.
 39840 | Vaults:4 | 39840 ||| Stepping ~*~*~tactically~*~*~ (hiding).
 39867 | Vaults:4 | Reached XP level 18. HP: 111/157 MP: 17/17
 40019 | Vaults:4 | 40019 ||| Stepping ~*~*~tactically~*~*~ (hiding).
 40051 | Vaults:4 | 40051 ||| Stepping ~*~*~tactically~*~*~ (hiding).
 40126 | Vaults:4 | 40126 ||| Stepping ~*~*~tactically~*~*~ (hiding).
 40280 | Vaults:4 | 40280 ||| INVOKING Apocalypse.
 40281 | Vaults:4 | 40281 ||| FLEEEEING.
 40282 | Vaults:4 | 40282 ||| FLEEEEING.
 40283 | Vaults:4 | 40283 ||| FLEEEEING.
 40284 | Vaults:4 | 40284 ||| FLEEEEING.
 40285 | Vaults:4 | 40285 ||| FLEEEEING.
 40286 | Vaults:4 | 40286 ||| FLEEEEING.
 40287 | Vaults:4 | 40287 ||| FLEEEEING.
 40289 | Vaults:4 | 40289 ||| FLEEEEING.
 40290 | Vaults:4 | 40290 ||| FLEEEEING.
 40291 | Vaults:4 | 40291 ||| FLEEEEING.
 40292 | Vaults:4 | 40292 ||| FLEEEEING.
 40293 | Vaults:4 | 40293 ||| FLEEEEING.
 40294 | Vaults:4 | 40294 ||| FLEEEEING.
 40333 | Vaults:4 | 40333 ||| Stepping ~*~*~tactically~*~*~ (hiding).
 40336 | Vaults:4 | 40336 ||| Stepping ~*~*~tactically~*~*~ (hiding).
 40388 | Vaults:4 | 40388 ||| Stepping ~*~*~tactically~*~*~ (stealth).
 40391 | Vaults:4 | 40391 ||| Stepping ~*~*~tactically~*~*~ (hiding).
 40418 | Vaults:4 | 40418 ||| FLEEEEING.
 40419 | Vaults:4 | 40419 ||| FLEEEEING.
 40420 | Vaults:4 | 40420 ||| FLEEEEING.
 40421 | Vaults:4 | 40421 ||| FLEEEEING.
 40423 | Vaults:4 | 40423 ||| STAIRDANCE
 40530 | Vaults:4 | 40530 ||| STAIRDANCE
 40650 | Vaults:4 | Noticed an ancient lich
 40651 | Vaults:4 | 40651 ||| INVOKING Apocalypse.
 40652 | Vaults:4 | Noticed Bai Suzhen
 40658 | Vaults:4 | Killed an ancient lich
 40659 | Vaults:4 | Reached skill level 18 in Shields
 40671 | Vaults:4 | HP: 28/150 [metal wall collision (10)]
 40672 | Vaults:4 | 40672 ||| DRINKING 2 potions of heal wounds.
 40676 | Vaults:4 | 40676 ||| Stepping randomly (stuck).
 40678 | Vaults:4 | Killed Bai Suzhen
 40679 | Vaults:4 | 40679 ||| Stepping ~*~*~tactically~*~*~ (hiding).
 40686 | Vaults:4 | Paralysed by a sphinx for 4 turns
 40689 | Vaults:4 | HP: 37/156 [deep troll[an ironbound preserver] (9)]
 40690 | Vaults:4 | HP: 13/156 [sphinx/divine providence (15)]
 40691 | Vaults:4 | 40691 ||| DRINKING potion of heal wounds.
 40692 | Vaults:4 | 40692 ||| INVOKING Draw Out Power.
 40808 | Vaults:4 | 40808 ||| Stepping ~*~*~tactically~*~*~ (stealth).
 40809 | Vaults:4 | 40809 ||| INVOKING Apocalypse.
 40902 | Vaults:4 | 40902 ||| Stepping ~*~*~tactically~*~*~ (hiding).
 40905 | Vaults:4 | 40905 ||| Stepping ~*~*~tactically~*~*~ (hiding).
 40918 | Vaults:4 | Paralysed by a sphinx for 5 turns
 40934 | Vaults:4 | 40934 ||| Stepping ~*~*~tactically~*~*~ (hiding).
 40939 | Vaults:4 | HP: 18/155 [titan (53)]
 40940 | Vaults:4 | 40940 ||| INVOKING Draw Out Power.
 40944 | Vaults:4 | HP: 28/147 [flayed ghost/flay_damage (8)]
 40950 | Vaults:4 | HP: 27/151 [flayed ghost/flay_damage (7)]
 40956 | Vaults:4 | 40956 ||| INVOKING Draw Out Power.
 40964 | Vaults:4 | Identified the amulet "Oripif Tuca" {Drain rC+ Will+++
                  | Regen+ Stlth+}
 40966 | Vaults:4 | HP: 35/149 [yaktaur captain/bolt (26)]
 40975 | Vaults:4 | Identified the +9 flail of Responsibility {venom, rElec rF+
                  | rC+}
 40975 | Vaults:4 | 40975 ||| INVOKING Draw Out Power.
 40978 | Vaults:4 | Identified the +8 flail of Wu Jian's Reproof {freeze, *Slow
                  | rF++}
 41326 | Vaults:4 | 41326 ||| Stepping ~*~*~tactically~*~*~ (hiding).
 41340 | Vaults:4 | 41340 ||| FLEEEEING.
 41341 | Vaults:4 | 41341 ||| FLEEEEING.
 41343 | Vaults:4 | 41343 ||| FLEEEEING.
 41343 | Vaults:4 | Paralysed by a floating eye for 3 turns
 41346 | Vaults:4 | 41346 ||| FLEEEEING.
 41347 | Vaults:4 | 41347 ||| FLEEEEING.
 41388 | Vaults:4 | 41388 ||| Stepping ~*~*~tactically~*~*~ (hiding).
 41438 | Vaults:4 | Identified the +6 plate armour of Honour {rF+ Dex+2}
 41531 | Vaults:4 | 41531 ||| PLANNING SHOALS:4
 41531 | Vaults:4 | 41531 ||| DROPPING +1 plate armour of fire resistance.
 41532 | Vaults:4 | 41532 ||| UPGRADING to +6 plate armour of Honour {rF+
                  | Dex+2}.
 41542 | Vaults:4 | 41542 ||| UPGRADING to +2 pair of boots.
 41552 | Vaults:4 | 41552 ||| UPGRADING to amulet "Oripif Tuca" {Drain rC+
                  | Will+++ Regen+ Stlth+}.
 41562 | Vaults:4 | 41562 ||| DROPPING ring of protection from cold.
 41891 | Shoals:4 | Entered Level 4 of the Shoals
 41904 | Shoals:4 | Paralysed by an air elemental for 1 turns
 41910 | Shoals:4 | Paralysed by an air elemental for 1 turns
 42016 | Shoals:4 | 42016 ||| Stepping ~*~*~tactically~*~*~ (hiding).
 42017 | Shoals:4 | 42017 ||| Stepping ~*~*~tactically~*~*~ (hiding).
 42019 | Shoals:4 | 42019 ||| INVOKING Apocalypse.
 42028 | Shoals:4 | 42028 ||| Stepping ~*~*~tactically~*~*~ (hiding).
 42028 | Shoals:4 | Identified the +5 shortbow of Contention {venom, rElec rN+
                  | Will-}
 42029 | Shoals:4 | 42029 ||| Stepping ~*~*~tactically~*~*~ (hiding).
 42042 | Shoals:4 | 42042 ||| Stepping ~*~*~tactically~*~*~ (hiding).
 42084 | Shoals:4 | 42084 ||| FLEEEEING.
 42085 | Shoals:4 | 42085 ||| Stepping ~*~*~tactically~*~*~ (hiding).
 42087 | Shoals:4 | 42087 ||| Stepping ~*~*~tactically~*~*~ (hiding).
 42160 | Shoals:4 | Got a barnacled rune of Zot
 42234 | Shoals:4 | 42234 ||| Stepping ~*~*~tactically~*~*~ (hiding).
 42236 | Shoals:4 | 42236 ||| INVOKING Apocalypse.
 42271 | Shoals:4 | 42271 ||| FLEEEEING.
 42278 | Shoals:4 | 42278 ||| Stepping ~*~*~tactically~*~*~ (stealth).
 42285 | Shoals:4 | 42285 ||| Stepping ~*~*~tactically~*~*~ (stealth).
 42435 | Shoals:4 | Reached skill level 18 in Armour
 42472 | Shoals:4 | 42472 ||| Stepping ~*~*~tactically~*~*~ (hiding).
 42600 | Shoals:4 | Paralysed by an air elemental for 1 turns
 42609 | Shoals:4 | 42609 ||| INVOKING Apocalypse.
 42629 | Shoals:4 | 42629 ||| FLEEEEING.
 42630 | Shoals:4 | 42630 ||| FLEEEEING.
 42631 | Shoals:4 | 42631 ||| FLEEEEING.
 42632 | Shoals:4 | 42632 ||| FLEEEEING.
 42633 | Shoals:4 | 42633 ||| FLEEEEING.
 42634 | Shoals:4 | 42634 ||| FLEEEEING.
 42635 | Shoals:4 | 42635 ||| FLEEEEING.
 42636 | Shoals:4 | 42636 ||| FLEEEEING.
 42637 | Shoals:4 | 42637 ||| FLEEEEING.
 42638 | Shoals:4 | 42638 ||| FLEEEEING.
 42639 | Shoals:4 | 42639 ||| FLEEEEING.
 42640 | Shoals:4 | 42640 ||| FLEEEEING.
 42641 | Shoals:4 | 42641 ||| FLEEEEING.
 42647 | Shoals:4 | 42647 ||| FLEEEEING.
 42648 | Shoals:4 | 42648 ||| FLEEEEING.
 42649 | Shoals:4 | 42649 ||| FLEEEEING.
 42650 | Shoals:4 | 42650 ||| FLEEEEING.
 42651 | Shoals:4 | 42651 ||| FLEEEEING.
 42708 | Shoals:4 | Reached XP level 19. HP: 159/160 MP: 18/18
 42781 | Shoals:4 | 42781 ||| Stepping ~*~*~tactically~*~*~ (stealth).
 42936 | Shoals:4 | 42936 ||| PLANNING DEPTHS
 42936 | Shoals:4 | 42936 ||| UPGRADING to +4 ring of protection.
 42938 | Shoals:4 | 42938 ||| DROPPING ring of poison resistance.
 43173 | Depths:1 | Entered Level 1 of the Depths
 43241 | Depths:1 | 43241 ||| INVOKING Apocalypse.
 43284 | Depths:1 | 43284 ||| Stepping ~*~*~tactically~*~*~ (stealth).
 43285 | Depths:1 | 43285 ||| Stepping ~*~*~tactically~*~*~ (stealth).
 43286 | Depths:1 | 43286 ||| Stepping ~*~*~tactically~*~*~ (stealth).
 43289 | Depths:1 | 43289 ||| Stepping ~*~*~tactically~*~*~ (stealth).
 43310 | Depths:1 | 43310 ||| Stepping ~*~*~tactically~*~*~ (stealth).
 43328 | Depths:1 | Found a shimmering blue altar of Sif Muna.
 43544 | Depths:1 | 43544 ||| Stepping ~*~*~tactically~*~*~ (stealth).
 43546 | Depths:1 | 43546 ||| Stepping ~*~*~tactically~*~*~ (hiding).
 43636 | Depths:1 | Identified the +3 buckler of the Rambutan {Str+8}
 43651 | Depths:1 | Found Ogrook's Assorted Antiques.
 43660 | Depths:1 | 43660 ||| BUYING potion of curing (57 gold).
 43660 | Depths:1 | Bought a potion of curing for 57 gold pieces
 43739 | Depths:1 | 43739 ||| INVOKING Apocalypse.
 43789 | Depths:1 | You are sucked into a shaft and drop 1 floor!
 44066 | Depths:1 | Identified the +4 chain mail of Gluttony {rC++ rN++}
 44108 | Depths:1 | Found a gateway to Hell.
 44195 | Depths:2 | Noticed a juggernaut
 44367 | Depths:2 | 44367 ||| Stepping ~*~*~tactically~*~*~ (hiding).
 44392 | Depths:2 | Reached skill level 20 in Fighting
 44408 | Depths:2 | 44408 ||| Stepping ~*~*~tactically~*~*~ (stealth).
 44413 | Depths:2 | 44413 ||| Stepping ~*~*~tactically~*~*~ (stealth).
 44416 | Depths:2 | 44416 ||| DRINKING 2 potions of resistance.
 44425 | Depths:2 | 44425 ||| Stepping ~*~*~tactically~*~*~ (stealth).
 44427 | Depths:2 | 44427 ||| Stepping ~*~*~tactically~*~*~ (stealth).
 44429 | Depths:2 | 44429 ||| Stepping ~*~*~tactically~*~*~ (hiding).
 44431 | Depths:2 | 44431 ||| INVOKING Apocalypse.
 44432 | Depths:2 | 44432 ||| Stepping ~*~*~tactically~*~*~ (hiding).
 44449 | Depths:2 | Noticed a caustic shrike
 44464 | Depths:2 | Killed a caustic shrike
 44480 | Depths:2 | 44480 ||| INVOKING Apocalypse.
 44481 | Depths:2 | 44481 ||| Stepping ~*~*~tactically~*~*~ (hiding).
 44493 | Depths:2 | HP: 39/163 [white very ugly thing (25)]
 44494 | Depths:2 | 44494 ||| READING 6 scrolls of teleportation.
 44498 | Depths:2 | HP: 40/163 [poisoned by a spriggan defender]
 44500 | Depths:2 | 44500 ||| READING 5 scrolls of teleportation.
 44501 | Depths:2 | 44501 ||| DRINKING 2 potions of heal wounds.
 44505 | Depths:2 | HP: 25/163 [tengu conjurer/bolt of lightning (26)]
 44506 | Depths:2 | 44506 ||| READING 4 scrolls of teleportation.
 44507 | Depths:2 | 44507 ||| DRINKING potion of heal wounds.
 44530 | Depths:2 | HP: 41/166 [quicksilver dragon (6)]
 44531 | Depths:2 | 44531 ||| READING 3 scrolls of teleportation.
 44531 | Depths:2 | HP: 16/166 [stone giant (27)]
 44531 | Depths:2 | HP: 6/166 [quicksilver dragon (4)]
 44532 | Depths:2 | 44532 ||| INVOKING Draw Out Power.
 44635 | Depths:2 | 44635 ||| Stepping ~*~*~tactically~*~*~ (stealth).
 44643 | Depths:2 | 44643 ||| Stepping ~*~*~tactically~*~*~ (hiding).
 44653 | Depths:2 | 44653 ||| Stepping ~*~*~tactically~*~*~ (hiding).
 44654 | Depths:2 | 44654 ||| Stepping ~*~*~tactically~*~*~ (hiding).
 45006 | Depths:2 | 45006 ||| Stepping ~*~*~tactically~*~*~ (hiding).
 45011 | Depths:2 | 45011 ||| Stepping ~*~*~tactically~*~*~ (hiding).
 45013 | Depths:2 | 45013 ||| Stepping ~*~*~tactically~*~*~ (hiding).
 45015 | Depths:2 | 45015 ||| Stepping ~*~*~tactically~*~*~ (hiding).
 45016 | Depths:2 | 45016 ||| Stepping ~*~*~tactically~*~*~ (hiding).
 45027 | Depths:2 | 45027 ||| Stepping ~*~*~tactically~*~*~ (hiding).
 45368 | Depths:2 | Found a one-way gate leading to the halls of Pandemonium.
 45567 | Depths:2 | 45567 ||| DROPPING ring of magical power.
 45629 | Depths:3 | 45629 ||| DRINKING potion of resistance.
 45634 | Depths:3 | 45634 ||| INVOKING Apocalypse.
 45635 | Depths:3 | Noticed a caustic shrike
 45657 | Depths:3 | Killed a caustic shrike
 45662 | Depths:3 | 45662 ||| Stepping ~*~*~tactically~*~*~ (hiding).
 45711 | Depths:3 | HP: 27/165 [fire giant/+3 great sword of flaming (25)]
 45712 | Depths:3 | 45712 ||| READING 2 scrolls of teleportation.
 45713 | Depths:3 | 45713 ||| INVOKING Draw Out Power.
 45744 | Depths:3 | 45744 ||| Stepping ~*~*~tactically~*~*~ (stealth).
 45767 | Depths:3 | 45767 ||| Stepping ~*~*~tactically~*~*~ (stealth).
 45768 | Depths:3 | Noticed a caustic shrike
 45789 | Depths:3 | Killed a caustic shrike
 45794 | Depths:3 | Reached skill level 21 in Shields
 45794 | Depths:3 | 45794 ||| INVOKING Apocalypse.
 45807 | Depths:3 | Noticed a caustic shrike
 45824 | Depths:3 | Killed a caustic shrike
 45864 | Depths:3 | 45864 ||| Stepping ~*~*~tactically~*~*~ (stealth).
 45865 | Depths:3 | 45865 ||| Stepping ~*~*~tactically~*~*~ (stealth).
 45867 | Depths:3 | 45867 ||| Stepping ~*~*~tactically~*~*~ (stealth).
 45873 | Depths:3 | 45873 ||| Stepping ~*~*~tactically~*~*~ (hiding).
 45920 | Depths:3 | Noticed a caustic shrike
 45939 | Depths:3 | Reached XP level 20. HP: 112/174 MP: 19/19
 45941 | Depths:3 | Killed a caustic shrike
 45974 | Depths:3 | 45974 ||| INVOKING Apocalypse.
 46007 | Depths:3 | 46007 ||| Stepping ~*~*~tactically~*~*~ (stealth).
 46009 | Depths:3 | 46009 ||| Stepping ~*~*~tactically~*~*~ (hiding).
 46039 | Depths:3 | 46039 ||| Stepping ~*~*~tactically~*~*~ (stealth).
 46069 | Depths:3 | Found a one-way gate to the infinite horrors of the Abyss.
 46075 | Depths:3 | 46075 ||| Stepping ~*~*~tactically~*~*~ (hiding).
 46099 | Depths:3 | Found a burning altar of Makhleb.
 46100 | Depths:3 | 46100 ||| Stepping ~*~*~tactically~*~*~ (hiding).
 46117 | Depths:3 | 46117 ||| Stepping ~*~*~tactically~*~*~ (hiding).
 46196 | Depths:3 | Reached skill level 21 in Fighting
 46202 | Depths:3 | 46202 ||| READING 4 scrolls of enchant weapon.
 46202 | Depths:3 | 46202 ||| ENCHANTING +5 broad axe of flaming.
 46203 | Depths:3 | 46203 ||| READING 3 scrolls of enchant weapon.
 46203 | Depths:3 | 46203 ||| ENCHANTING +6 broad axe of flaming.
 46204 | Depths:3 | 46204 ||| READING 2 scrolls of enchant weapon.
 46204 | Depths:3 | 46204 ||| ENCHANTING +7 broad axe of flaming.
 46205 | Depths:3 | 46205 ||| READING scroll of enchant weapon.
 46205 | Depths:3 | 46205 ||| ENCHANTING +8 broad axe of flaming.
 46212 | Depths:3 | 46212 ||| Stepping ~*~*~tactically~*~*~ (stealth).
 46228 | Depths:3 | 46228 ||| Stepping ~*~*~tactically~*~*~ (stealth).
 46261 | Depths:3 | 46261 ||| Stepping ~*~*~tactically~*~*~ (hiding).
 46283 | Depths:3 | 46283 ||| Stepping ~*~*~tactically~*~*~ (hiding).
 46303 | Depths:3 | 46303 ||| FLEEEEING.
 46304 | Depths:3 | 46304 ||| FLEEEEING.
 46306 | Depths:3 | 46306 ||| FLEEEEING.
 46307 | Depths:3 | 46307 ||| FLEEEEING.
 46309 | Depths:3 | 46309 ||| FLEEEEING.
 46310 | Depths:3 | 46310 ||| FLEEEEING.
 46311 | Depths:3 | 46311 ||| FLEEEEING.
 46312 | Depths:3 | 46312 ||| FLEEEEING.
 46313 | Depths:3 | 46313 ||| FLEEEEING.
 46365 | Depths:3 | 46365 ||| Stepping ~*~*~tactically~*~*~ (hiding).
 46382 | Depths:3 | 46382 ||| INVOKING Apocalypse.
 46390 | Depths:3 | 46390 ||| Stepping ~*~*~tactically~*~*~ (hiding).
 46414 | Depths:3 | 46414 ||| FLEEEEING.
 46421 | Depths:3 | 46421 ||| Stepping ~*~*~tactically~*~*~ (stealth).
 46422 | Depths:3 | 46422 ||| Stepping ~*~*~tactically~*~*~ (stealth).
 46443 | Depths:3 | 46443 ||| Stepping ~*~*~tactically~*~*~ (hiding).
 46445 | Depths:3 | 46445 ||| Stepping ~*~*~tactically~*~*~ (stealth).
 46446 | Depths:3 | 46446 ||| Stepping ~*~*~tactically~*~*~ (hiding).
 46447 | Depths:3 | 46447 ||| Stepping ~*~*~tactically~*~*~ (hiding).
 46506 | Depths:3 | 46506 ||| Stepping ~*~*~tactically~*~*~ (stealth).
 46510 | Depths:3 | 46510 ||| Stepping ~*~*~tactically~*~*~ (stealth).
 46522 | Depths:3 | 46522 ||| Stepping ~*~*~tactically~*~*~ (hiding).
 46530 | Depths:3 | 46530 ||| Stepping ~*~*~tactically~*~*~ (hiding).
 46589 | Depths:3 | 46589 ||| Stepping ~*~*~tactically~*~*~ (hiding).
 46600 | Depths:3 | Reached skill level 12 in Dodging
 46604 | Depths:3 | Found a one-way gateway to a ziggurat.
 46612 | Depths:3 | 46612 ||| Stepping ~*~*~tactically~*~*~ (stealth).
 46618 | Depths:3 | 46618 ||| Stepping ~*~*~tactically~*~*~ (hiding).
 46619 | Depths:3 | 46619 ||| Stepping ~*~*~tactically~*~*~ (hiding).
 46643 | Depths:3 | 46643 ||| FLEEEEING.
 46644 | Depths:3 | 46644 ||| FLEEEEING.
 46649 | Depths:3 | 46649 ||| Stepping ~*~*~tactically~*~*~ (hiding).
 46651 | Depths:3 | 46651 ||| Stepping ~*~*~tactically~*~*~ (hiding).
 46784 | Depths:3 | 46784 ||| Stepping ~*~*~tactically~*~*~ (hiding).
 46797 | Depths:3 | Reached skill level 12 in Throwing
 46807 | Depths:3 | 46807 ||| Stepping ~*~*~tactically~*~*~ (stealth).
 46850 | Depths:3 | 46850 ||| Stepping ~*~*~tactically~*~*~ (hiding).
 47107 | Depths:3 | Identified the +2 pair of boots "Geoffi" {Int+4}
 47144 | Depths:3 | 47144 ||| Stepping ~*~*~tactically~*~*~ (hiding).
 47147 | Depths:3 | 47147 ||| Stepping ~*~*~tactically~*~*~ (stealth).
 47149 | Depths:3 | 47149 ||| INVOKING Apocalypse.
 47176 | Depths:3 | 47176 ||| Stepping ~*~*~tactically~*~*~ (stealth).
 47245 | Depths:3 | 47245 ||| Stepping ~*~*~tactically~*~*~ (stealth).
 47343 | Depths:3 | 47343 ||| Stepping ~*~*~tactically~*~*~ (stealth).
 47349 | Depths:3 | Noticed a golden dragon
 47358 | Depths:3 | Noticed a caustic shrike
 47361 | Depths:3 | Killed a golden dragon
 47362 | Depths:3 | 47362 ||| INVOKING Apocalypse.
 47365 | Depths:3 | Killed a caustic shrike
 47529 | Depths:3 | Identified the +5 rapier "Bige Pat" {vamp, Str+3}
 47576 | Depths:3 | 47576 ||| Stepping ~*~*~tactically~*~*~ (hiding).
 47779 | Depths:3 | 47779 ||| Stepping ~*~*~tactically~*~*~ (stealth).
 47876 | Depths:3 | Noticed a caustic shrike
 47877 | Depths:3 | Noticed a juggernaut
 47878 | Depths:3 | Noticed a juggernaut
 47889 | Depths:3 | Killed a caustic shrike
 47890 | Depths:3 | 47890 ||| INVOKING Apocalypse.
 47893 | Depths:3 | Killed a juggernaut
 47901 | Depths:3 | Killed a juggernaut
 47911 | Depths:3 | 47911 ||| FLEEEEING.
 47912 | Depths:3 | 47912 ||| FLEEEEING.
 47913 | Depths:3 | 47913 ||| FLEEEEING.
 47914 | Depths:3 | 47914 ||| FLEEEEING.
 47915 | Depths:3 | 47915 ||| FLEEEEING.
 47916 | Depths:3 | 47916 ||| FLEEEEING.
 47917 | Depths:3 | 47917 ||| FLEEEEING.
 47918 | Depths:3 | 47918 ||| FLEEEEING.
 47919 | Depths:3 | 47919 ||| FLEEEEING.
 47920 | Depths:3 | 47920 ||| FLEEEEING.
 47921 | Depths:3 | 47921 ||| FLEEEEING.
 47922 | Depths:3 | 47922 ||| FLEEEEING.
 47923 | Depths:3 | 47923 ||| FLEEEEING.
 47924 | Depths:3 | 47924 ||| FLEEEEING.
 47925 | Depths:3 | 47925 ||| Stepping ~*~*~tactically~*~*~ (hiding).
 48092 | Depths:3 | 48092 ||| Stepping ~*~*~tactically~*~*~ (stealth).
 48141 | Depths:3 | Found a runed translucent door.
 48141 | Depths:3 | Noticed a juggernaut
 48147 | Depths:3 | 48147 ||| Stepping ~*~*~tactically~*~*~ (hiding).
 48148 | Depths:3 | 48148 ||| Stepping ~*~*~tactically~*~*~ (hiding).
 48173 | Depths:3 | 48173 ||| Stepping ~*~*~tactically~*~*~ (stealth).
 48175 | Depths:3 | 48175 ||| INVOKING Apocalypse.
 48182 | Depths:3 | 48182 ||| FLEEEEING.
 48189 | Depths:3 | 48189 ||| Stepping ~*~*~tactically~*~*~ (stealth).
 48290 | Depths:3 | Identified the +7 morningstar "Vethruerch" {venom, rN+}
 48291 | Depths:3 | 48291 ||| Stepping ~*~*~tactically~*~*~ (stealth).
 48306 | Depths:3 | Reached skill level 22 in Fighting
 48318 | Depths:3 | Noticed a golden dragon
 48319 | Depths:3 | 48319 ||| Stepping ~*~*~tactically~*~*~ (stealth).
 48340 | Depths:3 | Killed a golden dragon
 48395 | Depths:3 | Found the +3 greatsling "Punk" {acid, rCorr}
 48425 | Depths:3 | Found a runed translucent door.
 48440 | Depths:3 | Found a runed translucent door.
 48537 | Depths:3 | 48537 ||| DROPPING +2 pair of boots "Geoffi" {Int+4}.
 48573 | Depths:4 | Entered Level 4 of the Depths
 48578 | Depths:4 | 48578 ||| Stepping ~*~*~tactically~*~*~ (hiding).
 48612 | Depths:4 | 48612 ||| Stepping ~*~*~tactically~*~*~ (hiding).
 48655 | Depths:4 | 48655 ||| Stepping ~*~*~tactically~*~*~ (stealth).
 48702 | Depths:4 | Reached XP level 21. HP: 130/188 MP: 20/20
 48771 | Depths:4 | 48771 ||| Stepping randomly (cloudy).
 48772 | Depths:4 | 48772 ||| Stepping ~*~*~tactically~*~*~ (cloud).
 48773 | Depths:4 | 48773 ||| Stepping ~*~*~tactically~*~*~ (hiding).
 48777 | Depths:4 | 48777 ||| Stepping randomly (cloudy).
 48778 | Depths:4 | 48778 ||| Stepping randomly (cloudy).
 48779 | Depths:4 | 48779 ||| Stepping ~*~*~tactically~*~*~ (cloud).
 48784 | Depths:4 | 48784 ||| INVOKING Apocalypse.
 48786 | Depths:4 | Found a gate to the Realm of Zot.
 48793 | Depths:4 | HP: 41/166 [red draconian scorcher/bolt of magma (13)]
 48794 | Depths:4 | 48794 ||| READING 4 scrolls of teleportation.
 48795 | Depths:4 | 48795 ||| DRINKING 2 potions of heal wounds.
 48797 | Depths:4 | 48797 ||| DRINKING potion of heal wounds.
 48799 | Depths:4 | 48799 ||| READING 3 scrolls of teleportation.
 48802 | Depths:4 | HP: 14/160 [tengu reaver/bolt of negative energy (28)]
 48807 | Depths:4 | 48807 ||| READING 2 scrolls of teleportation.
 48808 | Depths:4 | HP: 21/160 [spectral caustic shrike (4)]
 48813 | Depths:4 | Found Qodweq Wuno's Assorted Antiques.
 48814 | Depths:4 | Noticed a caustic shrike
 48814 | Depths:4 | Noticed a caustic shrike
 48814 | Depths:4 | Noticed a caustic shrike
 48814 | Depths:4 | Noticed a caustic shrike
 48814 | Depths:4 | 48814 ||| READING scroll of teleportation.
 48816 | Depths:4 | HP: 27/165 [caustic shrike[a glowing orange brain] (7)]
 48818 | Depths:4 | 48818 ||| FLEEEEING.
 48819 | Depths:4 | 48819 ||| Stepping ~*~*~tactically~*~*~ (stealth).
 48820 | Depths:4 | 48820 ||| FLEEEEING.
 48821 | Depths:4 | 48821 ||| Stepping ~*~*~tactically~*~*~ (hiding).
 48825 | Depths:4 | 48825 ||| INVOKING Draw Out Power.
 48826 | Depths:4 | HP: 32/156 [ettin/+0 dire flail (19)]
 48830 | Depths:4 | HP: 15/152 [shadow dragon/bolt of negative energy (19)]
 48831 | Depths:4 | HP: 6/152 [black draconian/bolt of lightning (11)]
 48837 | Depths:4 | HP: 3/152 [shadow dragon (12)]
 48838 | Depths:4 | Killed from afar by a shadow dragon

Levels and vault maps discovered:
D:1:      doesnt_arrival_eight_statues, layout_basic,
          chequers_ecumenical_altar_simple_redux, serial_shops,
          nicolae_shop_window_shopping
D:2:      layout_basic, chequers_garden, st_stairs_11, minmay_stone_trees_small,
          uniq_natasha, uniq_sigmund
D:3:      layout_loops_corners
D:4:      layout_basic, nicolae_gozag_zags_fifth_avenue,
          grunt_dithmenos_smoke_and_mirrors, minmay_temple_entry_poolview,
          serial_shops, shop
D:5:      layout_gridville, nicolae_overflow_crystal_walls,
          lemuel_crystal_altar, serial_rivers, chequers_serial_rivers_large_b,
          chequers_serial_rivers_small_b, chequers_serial_rivers_small_3,
          chequers_serial_rivers_micro_b
D:6:      layout_cave_pools, cheibrodos_sewer_entry_sluice
D:7:      layout_basic, serial_shops, shop, amcnicky_mini_pool_medium,
          uniq_prince_ribbit1
D:8:      layout_basic, uniq_joseph
D:9:      layout_basic, lair_entry_dummy, special_room [special_room_bee]
D:10:     layout_roguey, mainiacjoe_overflow_24_doors, serial_co_window_serial,
          co_window_paths_a, co_window_corner_a, co_window_corner_a,
          co_window_paths_a, co_window_cross_1, co_window_cross_2,
          co_window_broadway_b, co_window_cross_3, co_window_paths_e,
          co_window_4corner_b, glass_columns_c, hangedman_decor_lopped
D:11:     layout_roguey, erik_orc_2, uniq_lodul, uniq_urug
D:12:     layout_gridville
D:13:     layout_loops_ring, erik_vaults_1, gauntlet_entry_generic,
          serial_bayou, serial_bayou_lagoon_a, serial_bayou_pond_d,
          serial_bayou_shore_b, uniq_josephine
D:14:     layout_roguey, serial_shops, shop_fountains, nicolae_two_hexagons,
          minmay_hollow_rounded_squares
D:15:     grunt_enter_depths_giant_problem, layout_gridville,
          hangedman_glass_teeth
Temple:   minmay_crystal_spiral_temple
Lair:1:   layout_cave_shapes, chequers_serial_rivers_small_3,
          nicolae_lair_grove_arrangements, chequers_serial_rivers_room_b
Lair:2:   layout_loops_ring, minmay_shoals_entry_lonely_mermaid,
          minmay_snake_entry_six_corridors, serial_bayou_pond_a,
          infiniplex_staircase_pool
Lair:3:   layout_layer_cave
Lair:4:   layout_cave_pods, minmay_slime_entry_pillars,
          nzn_masters_of_martial_movement, uniq_snorg, uniq_rupert
Lair:5:   cheibrodos_lair_end_hotspot, layout_regular_city, ebering_ghost_xom,
          uniq_sonja
Shoals:1: nicolae_shoals_lighthouse, layout_shoals
Shoals:2: layout_shoals, argonaut_gorgonesque
Shoals:3: layout_shoals, uniq_kirke, uniq_polyphemus
Shoals:4: shoals_end_hellmonk_storm_palace [storm_palace_center_square,
          storm_palace_corner_narrow, storm_palace_corner_grid,
          storm_palace_corner_blocked, storm_palace_corner_reverse_hut]
Snake:1:  layout_grid_maze
Snake:2:  layout_cave_town, st_stairs_13, drop_trap, uniq_mlioglotl
Snake:3:  layout_basic
Snake:4:  johnstein_snake_rune_scales, layout_cave_shapes, serial_shops,
          nicolae_shop_temple_entry_statues_fountains,
          portal_ice_cave_entry_pillars_three, minmay_shop_grove
Orc:1:    layout_caves, minmay_orc_temple_c
Orc:2:    grunt_orc_community_town_hall, layout_caves,
          grunt_orc_community_big_house_2, grunt_orc_community_big_house_1,
          grunt_orc_community_house_1, grunt_orc_community_house_1,
          grunt_orc_community_house_1, grunt_orc_community_house_2,
          grunt_orc_community_house_2
Vaults:1: nicolae_vaults_stairing_the_circle, v_misc_16,
          nicolae_vaults_network_square, nicolae_vaults_asterisk,
          v_alt_pattern_1, vaults_room_grunt_arrival_checkpoint, v_pattern_1,
          layout_vaults_big_room
Vaults:2: vaults_dpeg_emergency_exit, v_alt_pattern_1, v_alt_pattern_3,
          nicolae_vaults_network_star, v_alt_pattern_3, v_misc_30, v_misc_12,
          nicolae_vaults_little_ls, v_misc_9, vaults_dpeg_diagonal,
          layout_vaults_omnigrid, uniq_margery
Vaults:3: hangedman_vaults_stagger, hangedman_vaults_trim,
          minmay_crypt_entry_simple_corners, grunt_vaults_swirl,
          vaults_mumra_lcd, vaults_room_glass_cross, v_misc_18, v_misc_29,
          ontoclasm_vaults_ring_small, v_misc_31,
          nicolae_vaults_little_squares_5, layout_vaults_omnibox, serial_shops,
          nicolae_shop_statue_plus, nicolae_shop_waterfront
Vaults:4: nicolae_vaults_circle_grid_b, ontoclasm_vaults_pinch,
          st_greater_box_5, vaults_room_octagon, hangedman_vaults_restitches,
          ontoclasm_vaults_loading_screen, ontoclasm_vaults_chip,
          hangedman_vaults_trim, nicolae_vaults_border_crossing,
          grunt_vaults_hallway_short, layout_vaults_maze_snakey, uniq_bai_suzhen
Depths:1: layout_cave_shapes, pf_coc_iceberg, corexii_hall_statues_t,
          serial_shops, nicolae_lakefront_shop, minmay_misc_feat_tiny,
          hangedman_summoners_spam
Depths:2: nicolae_legendary_halls, layout_cave_shapes, pf_dread_powers_of_hell,
          chequers_serial_rivers_large_a, rand_demon_pan_entry_7, minivault_12
Depths:3: minmay_the_grid_ultimate [minmay_the_grid_prize_shrinking_boxes,
          minmay_the_grid_prize_big_room, minmay_the_grid_prize_trominoes,
          minmay_the_grid_prize_four_corners_diamond_b,
          minmay_the_grid_square_5x5_tie, minmay_the_grid_square_5x5_detours,
          minmay_the_grid_square_5x5_hourglass,
          minmay_the_grid_square_5x5_misaligned,
          minmay_the_grid_square_5x5_one_wall, minmay_the_grid_square_5x5_slash,
          minmay_the_grid_square_5x5_dogpile,
          minmay_the_grid_square_5x5_longway,
          minmay_the_grid_square_5x5_intrusive_squares,
          minmay_the_grid_square_5x5_z, minmay_the_grid_square_5x5_c,
          minmay_the_grid_square_5x5_n_small,
          minmay_the_grid_square_5x5_doubleslash,
          minmay_the_grid_square_5x5_gyroscope,
          minmay_the_grid_square_5x5_tetrominoes,
          minmay_the_grid_triangle_9x9_stretched_checkered,
          minmay_the_grid_triangle_9x9_pentomino_pain,
          minmay_the_grid_triangle_9x9_wacky_v,
          minmay_the_grid_triangle_9x9_sparse_checkered,
          minmay_the_grid_triangle_9x9_limited_checkers,
          minmay_the_grid_triangle_9x9_fully_insulated_deathbox,
          minmay_the_grid_triangle_9x9_warning,
          minmay_the_grid_triangle_9x9_steps,
          minmay_the_grid_triangle_9x9_thin_v,
          minmay_the_grid_triangle_9x9_corrupted_corridor,
          minmay_the_grid_triangle_9x9_windchime,
          minmay_the_grid_triangle_9x9_longest,
          minmay_the_grid_triangle_9x9_shrine,
          minmay_the_grid_triangle_9x9_negative_grid,
          minmay_the_grid_triangle_9x9_sprig,
          minmay_the_grid_triangle_9x9_flanged_cone,
          minmay_the_grid_square_5x5_mess, minmay_the_grid_octo_thin_diamonds,
          minmay_the_grid_octo_fat_diamond, minmay_the_grid_octo_clover_2,
          minmay_the_grid_octo_77, minmay_the_grid_octo_odd_swirl,
          minmay_the_grid_octo_pinwheel, minmay_the_grid_octo_chip,
          minmay_the_grid_octo_teeth, minmay_the_grid_box_x,
          minmay_the_grid_outer_circle, minmay_the_grid_large_cup,
          minmay_the_grid_outer_diamond], abyss_entry, hell_entry
Depths:4: grunt_crosshair, layout_cave_shapes, pf_hell_entry_tar_river,
          xom_redecorated, serial_shops, shop, serial_bayou_shore_a

Skill      XL: |  1  2  3  4  5  6  7  8  9 10 11 12 13 14 15 16 17 18 19 20 |
---------------+-------------------------------------------------------------+-----
Axes           | 3 4 5 7 9 12 13 15 16 17 19 | 19.0
Dodging        | 1 2 3 4 6 8 9 10 11 12 | 12.5
Fighting       | 4 5 8 9 9 11 13 14 15 16 17 19 20 22 | 22.0
Armour         | 4 5 8 9 10 12 14 15 16 17 18 19 20 | 20.1
Shields        | 5 6 7 9 11 14 15 16 20 21 | 21.3
Throwing       | 1 5 6 9 10 11 12 | 12.0

Action                   |  1- 3 |  4- 6 |  7- 9 | 10-12 | 13-15 | 16-18 | 19-21 || total
-------------------------+-------+-------+-------+-------+-------+-------+-------++-------
Melee: War axe           |    54 |   100 |   382 |   719 |   536 |       |       ||  1791
       Headbutt          |     5 |    11 |    80 |   154 |   390 |   366 |   350 ||  1356
       Flail             |       |       |       |    25 |    18 |       |       ||    43
       Morningstar       |       |       |       |       |    17 |       |       ||    17
       Broad axe         |       |       |       |       |   882 |  1388 |  1154 ||  3424
Throw: Boomerang         |    10 |    37 |    20 |       |    88 |    69 |    13 ||   237
       Javelin           |       |       |       |    86 |     4 |    53 |    89 ||   232
Invok: Sacrifice Experie |       |       |     1 |       |       |       |       ||     1
       Sacrifice Love    |       |       |       |     1 |       |       |       ||     1
       Sacrifice Skill   |       |       |       |     1 |       |       |       ||     1
       Apocalypse        |       |       |       |     9 |    17 |    18 |    13 ||    57
       Sacrifice Artific |       |       |       |     1 |       |       |       ||     1
       Draw Out Power    |       |       |       |       |       |     4 |     3 ||     7
  Use: Scroll            |     4 |     6 |    14 |     6 |    14 |     6 |    13 ||    63
       Potion            |       |       |     2 |     5 |     3 |     6 |     6 ||    22
 Stab: Invisible         |       |       |       |     8 |    10 |    11 |    18 ||    47
       Distracted        |       |       |       |     3 |    14 |     4 |    10 ||    31
       Paralysed         |       |       |       |     1 |     8 |    20 |    20 ||    49
Armor: Scale mail        |    16 |     9 |       |       |       |       |       ||    25
       Chain mail        |       |    23 |    58 |       |       |       |       ||    81
       Plate armour      |       |       |    22 |   218 |   483 |   471 |   374 ||  1568
Dodge: Dodged            |    11 |    47 |   137 |   277 |   432 |   404 |   320 ||  1628
Block: Buckler           |     9 |    11 |   140 |   253 |   112 |       |       ||   525
       Reflection        |       |       |     5 |     6 |    48 |    58 |       ||   117
       Kite shield       |       |       |       |       |   875 |   588 |       ||  1463
       Tower shield      |       |       |       |       |       |   460 |   788 ||  1248

Table legend:
 A = Non-vault XP
 B = Vault XP
 C = Vault XP percentage of total XP
 D = Non-vault monster count
 E = Vault monster count
 F = Vault count percentage of total count
                 A         B        C        D         E       F
            +---------+---------+-------+---------+---------+-------
      Total |  295894 |  422020 |  58.8 |     823 |     656 |  44.4
            +---------+---------+-------+---------+---------+-------
        D:1 |      47 |       0 |   0.0 |      27 |       0 |   0.0
        D:2 |      97 |     264 |  73.1 |      16 |       5 |  23.8
        D:3 |     258 |       0 |   0.0 |      17 |       0 |   0.0
        D:4 |     215 |       0 |   0.0 |      15 |       0 |   0.0
        D:5 |     870 |       0 |   0.0 |      19 |       0 |   0.0
        D:6 |    1143 |       4 |   0.3 |      18 |       2 |  10.0
        D:7 |    2287 |     656 |  22.3 |      35 |       6 |  14.6
        D:8 |    2515 |     434 |  14.7 |      20 |       1 |   4.8
        D:9 |    3891 |    1741 |  30.9 |      34 |      24 |  41.4
       D:10 |    2996 |     129 |   4.1 |      13 |       1 |   7.1
       D:11 |    3275 |    2602 |  44.3 |      13 |      23 |  63.9
       D:12 |    9256 |       0 |   0.0 |      26 |       0 |   0.0
       D:13 |    6619 |    1607 |  19.5 |      14 |       3 |  17.6
       D:14 |    4558 |    6105 |  57.3 |      15 |      12 |  44.4
       D:15 |   14111 |    1088 |   7.2 |      30 |       1 |   3.2
     Lair:1 |    4662 |       0 |   0.0 |      19 |       0 |   0.0
     Lair:2 |    4044 |    2810 |  41.0 |      17 |       8 |  32.0
     Lair:3 |    3928 |       0 |   0.0 |      15 |       0 |   0.0
     Lair:4 |    8796 |    4032 |  31.4 |      29 |       7 |  19.4
     Lair:5 |   12556 |    7139 |  36.2 |      43 |      27 |  38.6
   Shoals:1 |    9862 |   19173 |  66.0 |      21 |      34 |  61.8
   Shoals:2 |    6094 |    1458 |  19.3 |      15 |       1 |   6.2
   Shoals:3 |   16199 |    4502 |  21.7 |      31 |       7 |  18.4
   Shoals:4 |   15699 |   24333 |  60.8 |      33 |      51 |  60.7
    Snake:1 |   15293 |       0 |   0.0 |      29 |       0 |   0.0
    Snake:2 |   14036 |    2449 |  14.9 |      28 |       2 |   6.7
    Snake:3 |   16742 |       0 |   0.0 |      33 |       0 |   0.0
    Snake:4 |    4335 |   25466 |  85.5 |       8 |      43 |  84.3
      Orc:1 |    6783 |    6498 |  48.9 |      35 |      56 |  61.5
      Orc:2 |     972 |    3570 |  78.6 |      21 |      32 |  60.4
   Vaults:1 |   14414 |   15296 |  51.5 |      18 |      29 |  61.7
   Vaults:2 |   10969 |   21831 |  66.6 |      16 |      28 |  63.6
   Vaults:3 |   12291 |   27183 |  68.9 |      15 |      37 |  71.2
   Vaults:4 |   18474 |   47639 |  72.1 |      28 |      48 |  63.2
   Depths:1 |   22658 |    6846 |  23.2 |      27 |      10 |  27.0
   Depths:2 |   16284 |   33355 |  67.2 |      21 |      27 |  56.2
   Depths:3 |       0 |  141310 | 100.0 |       0 |     118 | 100.0
   Depths:4 |    8665 |   12500 |  59.1 |       9 |      13 |  59.1
            +---------+---------+-------+---------+---------+-------
